 Dungeon Crawl Stone Soup version 0.27-a0-1193-g8631133539 (webtiles) character file.

Game seed: 15654602105166323833

891530 spiderkeys the Genius of the Arcane (level 27, -7/205 HPs)
             Began as a Gnoll Air Elementalist on May 24, 2021.
             Was the Champion of Sif Muna.
             Killed from afar by a Hell Sentinel (29 damage)
             ... with an iron shot
             ... on level 7 of the Iron City of Dis on May 25, 2021.
             The game lasted 05:28:48 (107170 turns).

spiderkeys the Genius of the Arcane (GnAE)        Turns: 107170, Time: 05:28:49

Health: -7/205     AC: 32    Str: 17    XL:     27
Magic:  0/53       EV: 21    Int: 40    God:    Sif Muna [******]
Gold:   6013       SH: 25    Dex: 11    Spells: 3/69 levels left

rFire    . . .     SeeInvis +     - Unarmed
rCold    + + .     Faith    .   x - +4 kite shield of Syndicalism {-Tele rElec Int+7 SInv}
rNeg     + + +     Spirit   +   j - +4 moon troll leather armour {Spirit, Regen++ MP+5}
rPois    ∞         Reflect  +   H - +2 helmet {Int+3}
rElec    +         Harm     .   p - +2 cloak {rCorr}
rCorr    +         Rampage  .   K - +1 pair of gloves of Xilidac {rPois Stlth+}
Will     ++++.     NoTele   +   w - +2 pair of boots {Fly}
Stlth    ++++++++..             V - amulet "Ziytid" {Reflect rPois Int+2 SH+5}
HPRegen  2.44/turn              i - +6 ring of intelligence
MPRegen  0.33/turn              z - ring "Dumockuc" {Wiz rC+ Will+ Str+3 Dex-3}

@: lich-form, unable to drink, channeling, flying, studying 4 skills
A: draining attack, torment immunity, no potions, fangs 1, strong nose,
distributed training, frail 1, strong 1, MP-powered wands
}: 6/15 runes: decaying, serpentine, slimy, silver, icy, abyssal
a: End Transformation, Renounce Religion, Channel Magic, Forget Spell, Divine
Exegesis


You were on level 7 of the Iron City of Dis.
You worshipped Sif Muna.
Sif Muna was exalted by your worship.
You were an undead lich.
You visited 15 branches of the dungeon, and saw 73 of its levels.
You visited the Abyss 4 times.
You visited 1 bazaar.
You visited 1 ziggurat, and saw 13 of its levels.
You also visited: Trove and Ice Cave.

You collected 14626 gold pieces.
You spent 8613 gold pieces at shops.


Innate Abilities, Weirdness & Mutations

You are an undead lich.
Your unarmed attacks are suffused with negative energy.
You are immune to unholy pain and torment.
Your necromantic spells are more powerful.
You are immune to poison.
You cannot drink.
You have very sharp teeth.
Your uncanny sense of smell can sniff out nearby items.
Your experience applies equally to all skills.
You are frail. (-10% HP)
Your muscles are strong. (Str +2)
You expend magic power (3 MP) to strengthen your wands.


   Skills:
 + Level 21.2 Fighting
 + Level 25.1 Short Blades
 + Level 21.2 Long Blades
 + Level 21.2 Axes
 + Level 21.2 Maces & Flails
 + Level 23.6 Polearms
 + Level 21.2 Staves
 + Level 21.2 Slings
 + Level 21.2 Bows
 + Level 21.2 Crossbows
 + Level 21.2 Throwing
 + Level 21.2 Armour
 + Level 23.9 Dodging
 + Level 21.4 Stealth
 + Level 21.2 Shields
 + Level 21.2 Unarmed Combat
 + Level 21.6 Spellcasting
 + Level 18.5 Conjurations
 + Level 18.4 Hexes
 + Level 18.4 Summonings
 + Level 18.4 Necromancy
 + Level 18.4 Translocations
 + Level 18.4 Transmutations
 + Level 18.4 Fire Magic
 + Level 22.0 Ice Magic
 + Level 19.0 Air Magic
 + Level 18.4 Earth Magic
 + Level 18.4 Poison Magic
 + Level 25.4 Invocations
 + Level 21.2 Evocations


You had 3 spell levels left.
You knew the following spells:

 Your Spells              Type           Power      Damage    Failure   Level
a - Airstrike             Air            57%        N/A       0%          4
c - Ozocubu's Refrigerat  Ice            60%        4d17      1%          7
e - Necromutation         Tmut/Necr      68%        N/A       1%          8
l - Chain Lightning       Conj/Air       57%        N/A       1%          8
n - Dispel Undead         Necr           100%       3d31      0%          4
r - Irradiate             Conj/Tmut      56%        3d32      0%          5
s - Statue Form           Tmut/Erth      75%        N/A       1%          6
t - Iron Shot             Conj/Erth      56%        9d11      1%          6
z - Absolute Zero         Ice            60%        ∞         2%          9
T - Tornado               Air            57%        N/A       11%         9

Your spell library contained the following spells:

 Spells                   Type           Power      Damage    Failure   Level
 Animate Skeleton         Necr           100%       N/A       0%          1
 Apportation              Tloc           100%       N/A       0%          1
 Beastly Appendage        Tmut           100%       N/A       0%          1
 Corona                   Hex            100%       N/A       0%          1
 Foxfire                  Conj/Fire      100%       2x1d9     0%          1
 Freeze                   Ice            100%       1d11      0%          1
 Magic Dart               Conj           100%       1d8       0%          1
 Pain                     Necr           100%       1d9       0%          1
 Sandblast                Erth           100%       2d20      0%          1
 Shock                    Conj/Air       100%       1d9       0%          1
 Sting                    Tmut/Pois      100%       1d8       0%          1
 Summon Small Mammal      Summ           100%       N/A       0%          1
 Blink                    Tloc           N/A        N/A       0%          2
 Call Imp                 Summ           100%       N/A       0%          2
 Corpse Rot               Necr/Air       N/A        N/A       0%          2
 Ensorcelled Hibernation  Hex/Ice        100%       N/A       0%          2
 Passwall                 Tmut/Erth      94%        N/A       0%          2
 Poisonous Vapours        Pois/Air       100%       N/A       0%          2
 Searing Ray              Conj           100%       3d7       0%          2
 Slow                     Hex            100%       N/A       0%          2
 Static Discharge         Conj/Air       100%       N/A       0%          2
 Sublimation of Blood     Necr           68%        N/A       0%          2
 Wereblood                Tmut           100%       N/A       0%          2
 Call Canine Familiar     Summ           100%       N/A       0%          3
 Confusing Touch          Hex            100%       N/A       0%          3
 Conjure Flame            Conj/Fire      100%       6-21      0%          3
 Dazzling Flash           Conj/Hex       100%       N/A       0%          3
 Frozen Ramparts          Ice            100%       1d12      0%          3
 Gell's Gravitas          Tloc           56%        N/A       0%          3
 Ignite Poison            Fire/Tmut/Pois 100%       N/A       0%          3
 Inner Flame              Hex/Fire       100%       N/A       0%          3
 Lesser Beckoning         Tloc           56%        N/A       0%          3
 Mephitic Cloud           Conj/Pois/Air  100%       N/A       0%          3
 Ozocubu's Armour         Ice            100%       N/A       0%          3
 Portal Projectile        Hex/Tloc       100%       N/A       0%          3
 Spider Form              Tmut/Pois      56%        N/A       0%          3
 Stone Arrow              Conj/Erth      100%       3d13      0%          3
 Summon Guardian Golem    Hex/Summ       100%       N/A       0%          3
 Swiftness                Air            100%       N/A       0%          3
 Teleport Other           Tloc           100%       N/A       0%          3
 Tukima's Dance           Hex            100%       N/A       0%          3
 Vampiric Draining        Necr           68%        2d15      0%          3
 Animate Armour           Summ/Erth      100%       N/A       0%          4
 Animate Dead             Necr           68%        N/A       0%          4
 Cause Fear               Hex            56%        N/A       0%          4
 Fulminant Prism          Conj/Hex       56%        3d25      0%          4
 Hailstorm                Conj/Ice       100%       3d20      0%          4
 Ice Form                 Ice/Tmut       100%       N/A       0%          4
 Iskenderun's Mystic Bla  Conj/Tloc      100%       2d19      0%          4
 Leda's Liquefaction      Hex/Erth       56%        N/A       0%          4
 Olgreb's Toxic Radiance  Pois           100%       N/A       0%          4
 Passage of Golubria      Tloc           N/A        N/A       0%          4
 Petrify                  Tmut/Erth      100%       N/A       0%          4
 Sticky Flame             Conj/Fire      100%       2d11      0%          4
 Summon Ice Beast         Ice/Summ       100%       N/A       0%          4
 Summon Lightning Spire   Summ/Air       100%       N/A       0%          4
 Agony                    Necr           100%       N/A       0%          5
 Alistair's Intoxication  Tmut/Pois      75%        N/A       0%          5
 Bolt of Magma            Conj/Fire/Erth 56%        4d22      0%          5
 Borgnjor's Vile Clutch   Necr/Erth      68%        N/A       0%          5
 Excruciating Wounds      Necr           68%        N/A       0%          5
 Fireball                 Conj/Fire      56%        3d22      0%          5
 Hydra Form               Tmut           56%        N/A       0%          5
 Iskenderun's Battlesphe  Conj           100%       2d15      0%          5
 Lee's Rapid Deconstruct  Erth           56%        3d27*     0%          5
 Lightning Bolt           Conj/Air       57%        1d79      0%          5
 Manifold Assault         Tloc           100%       N/A       0%          5
 Metabolic Englaciation   Hex/Ice        58%        N/A       0%          5
 Silence                  Hex/Air        57%        N/A       0%          5
 Summon Forest            Summ/Tloc      56%        N/A       0%          5
 Summon Mana Viper        Hex/Summ       100%       N/A       0%          5
 Yara's Violent Unravell  Hex/Tmut       56%        3d21      0%          5
 Simulacrum               Ice/Necr       70%        N/A       0%          6
 Blade Hands              Tmut           56%        N/A       1%          6
 Conjure Ball Lightning   Conj/Air       57%        3x3d21    1%          6
 Death Channel            Necr           68%        N/A       1%          6
 Dispersal                Tloc           56%        N/A       1%          6
 Eringya's Noxious Bog    Tmut/Pois      56%        N/A       1%          6
 Freezing Cloud           Conj/Ice/Air   58%        6-21      1%          6
 Invisibility             Hex            100%       N/A       1%          6
 Shadow Creatures         Summ           N/A        N/A       1%          6
 Starburst                Conj/Fire      56%        8x6d15    1%          6
 Dragon Form              Tmut           56%        N/A       1%          7
 Haunt                    Necr/Summ      68%        N/A       1%          7
 Malign Gateway           Summ/Tloc      56%        N/A       1%          7
 Monstrous Menagerie      Summ           56%        N/A       1%          7
 Orb of Destruction       Conj           56%        9d16      1%          7
 Spellforged Servitor     Conj/Summ      56%        N/A       1%          7
 Summon Hydra             Summ           56%        N/A       1%          7
 Borgnjor's Revivificati  Necr           68%        N/A       1%          8
 Discord                  Hex            56%        N/A       1%          8
 Disjunction              Tloc           56%        N/A       1%          8
 Ignition                 Fire           56%        3d15      1%          8
 Infestation              Necr           68%        N/A       1%          8
 Lehudib's Crystal Spear  Conj/Erth      56%        10d13     1%          8
 Summon Horrible Things   Summ           56%        N/A       1%          8
 Death's Door             Necr           68%        N/A       12%         9
 Dragon's Call            Summ           56%        N/A       12%         9
 Fire Storm               Conj/Fire      56%        8d14      12%         9
 Shatter                  Erth           56%        3d42*     12%         9

Inventory:

Hand Weapons
 a - the +7 rapier of Mayhem {flame, rC+ Str+2 Int+3 Stlth-}
   (You found it on level 1 of the Lair of Beasts)

   It has been specially enchanted to burn those struck by it, causing extra
   injury to most foes and up to half again as much damage against particularly
   susceptible opponents.
   It affects your strength (+2).
   It affects your intelligence (+3).
   It protects you from cold.
   It makes you less stealthy.
 e - the +8 war axe "Tormentor" {holy, rF+ Will++ Dex+2}
   (You found it on level 3 of the Swamp)

   It has been blessed by the Shining One to cause great damage to the undead
   and demons.
   It affects your dexterity (+2).
   It protects you from fire.
   It greatly increases your willpower.
 B - the +5 arbalest of Kusug {penet, rElec Int+3 Dex+4}
   (You found it on level 6 of a ziggurat)

   Ammo fired by it passes through the targets it hits, potentially hitting all
   targets in its path until it reaches maximum range.
   It affects your intelligence (+3).
   It affects your dexterity (+4).
   It insulates you from electricity.
 O - the +6 scythe of Punishment {vamp, rCorr Int+9 Dex-2 Stlth+}
   (You found it on level 7 of a ziggurat)

   It inflicts no extra harm, but heals its wielder when it wounds a living foe.
   It affects your intelligence (+9).
   It affects your dexterity (-2).
   It protects you from acid and corrosion.
   It makes you more stealthy.
Missiles
 g - 5 silver javelins
 h - 23 curare-tipped darts {=f}
 N - 27 atropa-tipped darts
Armour
 j - the +4 moon troll leather armour (worn) {Spirit, Regen++ MP+5}
   (You bought it in a shop on level 12 of the Dungeon)

   It affects your magic capacity (+5).
   It increases your rate of health regeneration.
 p - a +2 cloak of preservation (worn)
   (You found it on level 2 of the Snake Pit)
 u - a +2 robe of the Archmagi
   (You found it on level 6 of the Dungeon)
 v - a +3 buckler
   (You found it on level 3 of the Dungeon)
 w - a +2 pair of boots of flying (worn)
   (You found it in a treasure trove)
 x - the +4 kite shield of Syndicalism (worn) {-Tele rElec Int+7 SInv}
   (You acquired it on level 14 of the Dungeon)

   It affects your intelligence (+7).
   It insulates you from electricity.
   It lets you see invisible.
   It prevents most forms of teleportation.
 H - a +2 helmet of intelligence (worn)
   (You found it on level 5 of the Pits of Slime)
 K - the +1 pair of gloves of Xilidac (worn) {rPois Stlth+}
   (You found it on level 2 of the Lair of Beasts)

   It protects you from poison.
   It makes you more stealthy.
 T - the +1 cloak of the Were-rabbit {rF+ Dex+4}
   (You found it on level 5 of the Pits of Slime)

   It affects your dexterity (+4).
   It protects you from fire.
Magical Staves
 b - a staff of air {!a}
   (You found it on level 2 of the Lair of Beasts)
Jewellery
 i - a +6 ring of intelligence (left hand)
   (You took it off a vampire knight on level 1 of the Depths)
 r - the amulet "Ahydypp" {Acrobat Contam Will++ Regen+ Int+3}
   (You found it on level 7 of a ziggurat)

   [amulet of the acrobat]

   It increases your evasion while moving and waiting.
   It affects your intelligence (+3).
   It causes magical contamination when unequipped.
   It increases your rate of health regeneration.
   It greatly increases your willpower.
 z - the ring "Dumockuc" (right hand) {Wiz rC+ Will+ Str+3 Dex-3}
   (You found it on level 7 of Cocytus)

   [ring of wizardry]

   It improves your spell success rate.
   It affects your strength (+3).
   It affects your dexterity (-3).
   It protects you from cold.
   It increases your willpower.
 I - a +6 ring of intelligence
   (You took it off an orc on level 3 of the Dungeon)
 V - the amulet "Ziytid" (around neck) {Reflect rPois Int+2 SH+5}
   (You bought it in a shop on level 1 of the Depths)

   [amulet of reflection]

   It reflects blocked missile attacks.
   It affects your intelligence (+2).
   It protects you from poison.
   It affects your SH (+5).
 Z - the ring "Pameown" {rC++ rN+}
   (You found it on level 12 of a ziggurat)

   [ring of positive energy]

   It greatly protects you from cold.
   It protects you from negative energy.
Wands
 m - a wand of iceblast (102)
   (You found it on level 4 of the Dungeon)
 D - a wand of acid (21)
   (You found it on level 5 of the Lair of Beasts)
 F - a wand of digging (1)
   (You found it on level 8 of the Dungeon)
 S - a wand of paralysis (51)
   (You found it on level 3 of the Lair of Beasts)
Scrolls
 f - 7 scrolls of blinking {!r}
 k - 10 scrolls of teleportation {@r4}
 n - 7 scrolls of holy word {!r}
 y - 9 scrolls of immolation {!r!r}
 M - 17 scrolls of fog
 P - 5 scrolls of summoning
 R - 3 scrolls of fear
 Y - 5 scrolls of magic mapping {!r}
Potions
 c - 5 potions of cancellation
 d - 10 potions of heal wounds {@q2}
 l - 6 potions of magic
 o - 13 potions of curing {@q1}
 s - 6 potions of ambrosia
 A - 14 potions of lignification {!q}
 C - 8 potions of attraction {!q}
 G - a potion of invisibility
 J - 6 potions of might
 L - a potion of berserk rage {!q}
 Q - 10 potions of brilliance
 W - 5 potions of resistance
 X - 9 potions of haste {@q3}
Miscellaneous
 q - a lightning rod (4/4)
   (You found it on level 1 of the Vaults)
 t - the horn of Geryon
   (You took it off Geryon in the Vestibule of Hell)
 E - a phantom mirror
   (You found it on level 4 of the Depths)
 U - a box of beasts
   (You found it on level 4 of the Snake Pit)

Dungeon Overview and Level Annotations

Branches:
Dungeon (15/15)            Temple (1/1) D:4            Lair (6/6) D:10
  Swamp (4/4) Lair:2        Snake (4/4) Lair:2        Slime (5/5) Lair:5
    Orc (2/2) D:10            Elf (3/3) Orc:2        Vaults (5/5) D:13
  Crypt (3/3) Vaults:3       Tomb (0/3) Crypt:3      Depths (5/5) D:15
   Hell (visited)             Dis (7/7) Hell            Geh (0/7) Hell
    Coc (7/7) Hell            Tar (0/7) Hell            Zot (5/5) Depths:5
  IceCv (visited)

Altars:
Ashenzari
Cheibriados
Dithmenos
Elyvilon
Fedhas
Gozag
Hepliaklqana
Kikubaaqudgha
Makhleb
Nemelex Xobeh
Okawaru
Qazlal
Ru
Sif Muna
Trog
Uskayaw
Vehumet
Wu Jian
Xom
Yredelemnul
Zin
The Shining One
Beogh

Shops:
D:6 (   D:12 [   D:13 (   Orc:2 ::(   Elf:2 :!(**   Elf:3 !   Vaults:2 ?
Vaults:4 ?   Vaults:5 [   Depths:1 =:=   Depths:2 [   Depths:3 ?(   Depths:5 [

Portals:
Hell: Depths:1 Depths:2 Depths:3 Depths:4 Depths:5
Abyss: D:11 Depths:2 Depths:4 Depths:5
Pandemonium: Depths:2 Depths:3

Annotations:
Depths:4 dragon king armor
Coc:7 exclusion: ice statue

...#.......,,,,,,,,* *,+,,,,*
...#.......,,,,,,,,*******,******
####.......,,,,,,,,**,,,,,,,,,,,,
...........,,,,,,,,**,**,*,,,,,,,
)).........,,,,,,,,,,,,,,.,,,,,,,
###''######***********####*******
#....# *,.....,,,,*
#....##############......,,,,***
#....'.........L11W2.....,,,,+,,
#....##############Z.....,,,,***
#....# *,.....,,,,* ######
*,,....,,,,*
********************''''##''''***
,,,,,,,,,,,,,,,,,,,,,,,,.2,,,,,,,
,,,,,,,,,,,,,,,,,,,,,,,,,.,,,,,,,
,,,,,,,,,,,,,,,,,,,,,,,,,,,,,,,,,
,,,,,,,,,,,,,,,,,,,,,,,,,,,,,,,,,


You could see 2 Hell Sentinels, a hellion, a wraith and a golden dragon zombie.


Message History

You kill the tormentor!
Sif Muna accepts your kill. 😮 HP[+2]
You regained 2 hp, and now have 136/205 hp.
You punch the Hell Sentinel! 😮 HP[+1]
You pummel the Hell Sentinel!!
The Hell Sentinel hits you but does no damage.
The Hell Sentinel barely misses you. 😮 HP[+1]
You hit the Hell Sentinel but do no damage. 😮 HP[+2] MP[+1]
You regained 2 hp, and now have 140/205 hp.
You hit the Hell Sentinel.
You block the Hell Sentinel's attack. x2 😮 HP[+1]
You hit the Hell Sentinel. You block the Hell Sentinel's attack.
The Hell Sentinel hits you but does no damage. 😮 HP[+2]
You regained 2 hp, and now have 143/205 hp.
You pummel the Hell Sentinel!!
You hear a shout! 😮 HP[+2]
You regained 2 hp, and now have 145/205 hp.
You hit the Hell Sentinel.
You bite the Hell Sentinel, but do no damage.
You block the Hell Sentinel's attack.
The Hell Sentinel misses you. 😮 HP[+1] MP[+1]
You hit the Hell Sentinel but do no damage.
The Hell Sentinel gestures at you.
The sphere of damnation explodes!
The damnation engulfs you!!!
The damnation engulfs the Hell Sentinel.
The Hell Sentinel completely resists.
You hear a deafening roar!
You hear a shout! x2; You hear a deafening roar!
You hear a shout! x2
You hit the Hell Sentinel but do no damage.
You bite the Hell Sentinel, but do no damage.
You hear a shout!
The Hell Sentinel gestures at you.
The sphere of damnation explodes!
The damnation engulfs the Hell Sentinel.
The Hell Sentinel completely resists.
The damnation engulfs you!!!
* * * LOW HITPOINT WARNING * * *
The damnation engulfs the Hell Sentinel.
The Hell Sentinel completely resists.
You hear a shout!
You punch the Hell Sentinel!
The Hell Sentinel hits you but does no damage.
You block the Hell Sentinel's attack. The hellion gestures at you.
The sphere of damnation explodes!
The damnation engulfs you!!
* * * LOW HITPOINT WARNING * * *
The damnation engulfs the Hell Sentinel.
The Hell Sentinel completely resists.
You hear a shout!
You squash the Hell Sentinel like an ant!!!
You bite the Hell Sentinel, but do no damage. 😨 HP[-74] MP[-14]
You take 74 damage, and now have 72/205 hp.
MASSIVE DAMAGE!! (PAUSE)
You lost 14 mp, and now have 13/53 mp.
Casting: Necromutation (mildly dangerous; 1% risk of failure)
Confirm with . or Enter, or press ? or * to list all spells.
The heat is drained from your surroundings.
You feel very cold.
The hellion, the golden dragon zombie and the wraith are frozen.
The golden dragon zombie resists.
The wraith resists.
The Hell Sentinel gestures at you.
The iron shot misses you. 😨 HP[+2] MP[-6]
You regained 2 hp, and now have 74/205 hp.
You lost 6 mp, and now have 7/53 mp.
The Hell Sentinel gestures at you.
The sphere of damnation explodes!
The damnation engulfs you!!!
* * * LOW HITPOINT WARNING * * *
The damnation engulfs the Hell Sentinel.
The Hell Sentinel completely resists. 😱 HP[-32] MP[-1]
You take 32 damage, and now have 42/205 hp.
You lost 1 mp, and now have 6/53 mp.
You cannot drink potions in your current state!
The hellion gestures at you.
The sphere of damnation explodes!
The damnation engulfs you!!
* * * LOW HITPOINT WARNING * * *
The damnation engulfs the Hell Sentinel.
The Hell Sentinel completely resists. 😱 HP[-23] MP[-1]
You take 23 damage, and now have 19/205 hp.
You lost 1 mp, and now have 5/53 mp.
Okay, then.
Okay, then.
Casting: Ozocubu's Refrigeration (safe; 1% risk of failure)
Confirm with . or Enter, or press ? or * to list all spells.
Okay, then.
Aiming: Phantom Mirror
Press: ? - help, Dir - move target, f - Hell Sentinel
Aim: a Hell Sentinel (severely wounded) Nothing appears to happen.
The Hell Sentinel gestures at you. The iron shot hits you!!!
You die...

Skill      XL: |  1  2  3  4  5  6  7  8  9 10 11 12 13 14 15 16 17 18 19 20 21 22 23 24 25 26 27 |
---------------+----------------------------------------------------------------------------------+-----
Conjurations   | 2 3 4 5 6 7 8 9 10 11 12 13 14 15 18 | 18.5
Spellcasting   | 5 6 7 8 9 10 11 12 13 14 15 16 17 21 | 21.6
Invocations    | 1 2 3 4 5 6 7 8 9 10 11 12 13 14 15 16 17 18 25 | 25.4
Fighting       | 1 2 3 4 5 6 7 8 9 10 11 12 13 14 15 16 17 21 | 21.2
Short Blades   | 1 2 3 4 5 6 7 8 9 10 11 12 13 14 15 16 17 18 25 | 25.1
Long Blades    | 1 2 3 4 5 6 7 8 9 10 11 12 13 14 15 16 17 21 | 21.2
Axes           | 1 2 3 4 5 6 7 8 9 10 11 12 13 14 15 16 17 21 | 21.2
Maces & Flails | 1 2 3 4 5 6 7 8 9 10 11 12 13 14 15 16 17 21 | 21.2
Polearms       | 1 2 3 4 5 6 7 8 9 10 11 12 13 14 15 16 17 23 | 23.6
Staves         | 1 2 3 4 5 6 7 8 9 10 11 12 13 14 15 16 17 21 | 21.2
Slings         | 1 2 3 4 5 6 7 8 9 10 11 12 13 14 15 16 17 21 | 21.2
Bows           | 1 2 3 4 5 6 7 8 9 10 11 12 13 14 15 16 17 21 | 21.2
Crossbows      | 1 2 3 4 5 6 7 8 9 10 11 12 13 14 15 16 17 21 | 21.2
Throwing       | 1 2 3 4 5 6 7 8 9 10 11 12 13 14 15 16 17 21 | 21.2
Armour         | 1 2 3 4 5 6 7 8 9 10 11 12 13 14 15 16 17 21 | 21.2
Shields        | 1 2 3 4 5 6 7 8 9 10 11 12 13 14 15 16 17 21 | 21.2
Unarmed Combat | 1 2 3 4 5 6 7 8 9 10 11 12 13 14 15 16 17 21 | 21.2
Evocations     | 1 2 3 4 5 6 7 8 9 10 11 12 13 14 15 16 17 21 | 21.2
Hexes          | 1 2 3 4 5 6 7 8 9 10 11 12 13 14 18 | 18.4
Summonings     | 1 2 3 4 5 6 7 8 9 10 11 12 13 14 18 | 18.4
Necromancy     | 1 2 3 4 5 6 7 8 9 10 11 12 13 14 18 | 18.4
Translocations | 1 2 3 4 5 6 7 8 9 10 11 12 13 14 18 | 18.4
Transmutations | 1 2 3 4 5 6 7 8 9 10 11 12 13 14 18 | 18.4
Fire Magic     | 1 2 3 4 5 6 7 8 9 10 11 12 13 14 18 | 18.4
Ice Magic      | 1 2 3 4 5 6 7 9 10 11 12 13 14 15 16 17 18 19 22 | 22.0
Earth Magic    | 1 2 3 4 5 6 7 8 9 10 11 12 13 14 18 | 18.4
Poison Magic   | 1 2 3 4 5 6 7 8 9 10 11 12 13 14 18 | 18.4
Dodging        | 5 6 7 8 9 10 11 12 13 14 15 16 17 23 | 23.9
Stealth        | 5 6 7 8 9 10 11 12 13 14 15 16 17 21 | 21.4
Air Magic      | 6 7 8 9 10 11 12 13 14 15 19 | 19.0

Action                   |  1- 3 |  4- 6 |  7- 9 | 10-12 | 13-15 | 16-18 | 19-21 | 22-24 | 25-27 || total
-------------------------+-------+-------+-------+-------+-------+-------+-------+-------+-------++-------
Melee: Dagger            |       |    55 |   140 |   193 |       |       |       |       |       ||   388
       Unarmed           |       |     4 |       |       |       |       |       |       |   526 ||   530
       Bite              |       |     8 |    18 |    45 |    84 |   196 |   210 |   148 |   764 ||  1473
       Rapier            |       |       |       |   236 |   737 |  1526 |  1491 |   711 |  2114 ||  6815
       Staff             |       |       |       |     3 |       |       |   130 |       |       ||   133
       Double sword      |       |       |       |       |       |       |       |   200 |       ||   200
       War axe           |       |       |       |       |       |       |       |     3 |  2715 ||  2718
Throw: Dart              |       |       |       |       |    16 |     2 |       |       |       ||    18
       Javelin           |       |       |       |       |       |       |       |     1 |    15 ||    16
 Cast: Shock             |    47 |    79 |   185 |    64 |       |       |       |       |       ||   375
       Airstrike         |       |       |    36 |   126 |   285 |   266 |    63 |    62 |    91 ||   929
       Static Discharge  |       |       |       |    10 |    24 |       |       |       |       ||    34
       Summon Lightning  |       |       |       |    14 |    50 |    56 |    54 |    16 |       ||   190
       Lightning Bolt    |       |       |       |       |    16 |    11 |     5 |       |       ||    32
       Statue Form       |       |       |       |       |     5 |    14 |    64 |    49 |    71 ||   203
       Stone Arrow       |       |       |       |       |     3 |    33 |     4 |     1 |       ||    41
       Swiftness         |       |       |       |       |     2 |       |       |       |       ||     2
       Tornado           |       |       |       |       |       |     1 |     1 |     1 |    12 ||    15
       Irradiate         |       |       |       |       |       |       |    17 |     9 |    77 ||   103
       Ozocubu's Refrige |       |       |       |       |       |       |     7 |   111 |   192 ||   310
       Dispel Undead     |       |       |       |       |       |       |       |    28 |    79 ||   107
       Chain Lightning   |       |       |       |       |       |       |       |       |    12 ||    12
       Monstrous Menager |       |       |       |       |       |       |       |       |    14 ||    14
       Necromutation     |       |       |       |       |       |       |       |       |    18 ||    18
       Iron Shot         |       |       |       |       |       |       |       |       |    13 ||    13
       Absolute Zero     |       |       |       |       |       |       |       |       |     9 ||     9
Invok: Divine Exegesis   |       |       |       |       |       |     1 |     1 |     1 |       ||     3
       Channel Magic     |       |       |       |       |       |     1 |       |     3 |    12 ||    16
       Forget Spell      |       |       |       |       |       |       |       |       |     2 ||     2
 Abil: End Transformatio |       |       |       |       |       |       |       |       |     7 ||     7
Evoke: Wand              |       |       |       |     4 |     5 |     1 |     2 |       |     2 ||    14
       Condenser vane    |       |       |       |       |       |     1 |       |       |       ||     1
       Lightning rod     |       |       |       |       |       |     6 |     3 |       |       ||     9
       Box of beasts     |       |       |       |       |       |       |       |     1 |     2 ||     3
       Horn of Geryon    |       |       |       |       |       |       |       |       |     1 ||     1
       Phantom mirror    |       |       |       |       |       |       |       |       |     1 ||     1
  Use: Scroll            |     2 |     3 |    13 |     8 |    12 |     8 |     2 |     2 |    13 ||    63
       Potion            |       |     1 |       |     3 |     4 |     6 |     3 |     1 |    27 ||    45
 Stab: Sleeping          |       |       |     1 |     4 |    15 |    13 |    13 |     7 |   135 ||   188
       Invisible         |       |       |       |     3 |       |     3 |       |       |       ||     6
       Distracted        |       |       |       |     2 |     7 |    15 |    17 |     9 |    16 ||    66
       Petrified         |       |       |       |       |     3 |       |       |       |     1 ||     4
       Paralysed         |       |       |       |       |       |       |     1 |       |       ||     1
Armor: Robe              |     1 |    22 |    57 |   163 |   222 |    42 |       |       |       ||   507
       Skin              |       |       |       |       |    57 |   230 |   635 |   304 |   857 ||  2083
       Troll leather arm |       |       |       |       |       |   347 |    46 |    57 |   777 ||  1227
Dodge: Dodged            |     6 |    47 |   102 |   244 |   455 |   808 |   963 |   437 |  2697 ||  5759
Block: Buckler           |       |    26 |    54 |   170 |   274 |       |       |       |   619 ||  1143
       Kite shield       |       |       |       |       |    62 |  1804 |  1861 |   987 |  4460 ||  9174
       Reflection        |       |       |       |       |       |    84 |   117 |    32 |    97 ||   330
       Rpst.: Double sword |       |       |       |       |       |       |       |    22 |       ||    22

Levels and vault maps discovered:
D:1:      nagdon_arrival_double_spiral, layout_loops_ring,
          hellmonk_ecumenical_altar_crossroads
D:2:      layout_rooms
D:3:      layout_loops_corners, lemuel_doored_altar, gammafunk_ghost_grave,
          chequers_jeans
D:4:      layout_loops_corners, minmay_temple_entry_waves, uniq_edmund
D:5:      minmay_inner_zag, layout_loops_ring, nicolae_uskayaw_dance_hall,
          lemuel_coloured_pillars_altar
D:6:      layout_basic, lemuel_tele_altar, zin_statuary, serial_shops,
          kennysheep_mini_moat
D:7:      layout_basic, general_overflow_altar, minmay_puff
D:8:      layout_loops_ring
D:9:      layout_cave_pools, nicolae_gozag_cash_rules_everything_around_me,
          nicolae_ru_path_of_blood, minivault_25_ag
D:10:     layout_small_grid, nicolae_overflow_crystal_walls,
          due_lair_maze_entry_diamond, orc_0_dummy, uniq_grum
D:11:     layout_basic, gammafunk_ghost_abyssal_escape, uniq_maurice,
          uniq_nergalle
D:12:     layout_irregular_city, serial_shops, shop, palyth_stone_intersect
D:13:     layout_roguey, grunt_vaults_entry_fortified, serial_shops,
          nicolae_shop_crystal, uniq_rupert
D:14:     layout_long_grid, ebering_ghost_rock_garden, minivault_14,
          trog_three_pillars_becter
D:15:     hangedman_depths_entry_civil_slaughter, layout_stronghold,
          serial_glass, glass_columns_a, glass_columns_c, glass_columns_b,
          glass_columns_a, glass_columns_b, glass_columns_c, glass_columns_a,
          glass_columns_b, glass_columns_a, glass_columns_a,
          minmay_strange_pillars, feat_on_display, due_unseen_surprise,
          feat_on_display, minmay_misc_feat_room
Temple:   cyrus_circular_temple
Lair:1:   layout_layer_cave
Lair:2:   layout_gridlike, skrybe_swamp_entry_bodies,
          minmay_snake_entry_guardpost_small, portal_ice_cave_demonic_guard,
          guppyfry_lair_drakes, uniq_fannar
Lair:3:   layout_regular_city
Lair:4:   layout_hall_layers, minmay_stone_trees_small, lemuel_fruit_fields
Lair:5:   layout_roguey, nicolae_slime_entry_slimehenge, st_stairs_4,
          minmay_shattered_shrine, serial_bayou_shore_b
Lair:6:   evilmike_catoblepas_cave, layout_concentric_octagons,
          grunt_megastairs_1
Swamp:1:  layout_basic_swamp, evilmike_swamp_ruin_wall, swamp_pool3,
          infiniplex_staircase_pool
Swamp:2:  layout_basic_swamp, evilmike_swamp_ruin_house_1
Swamp:3:  layout_basic_swamp, nicolae_swamp_triple_paths, swamp_pool1
Swamp:4:  swamp_vile, layout_basic_swamp, uniq_bai_suzhen
Snake:1:  layout_grid_shapes, uniq_aizul, uniq_louise, uniq_roxanne
Snake:2:  layout_layer_cave, gammafunk_ghost_cemetery, serial_shops,
          bzr_firewalk, grunt_ministairs_5, nicolae_snake_lava_pool
Snake:3:  layout_grid_maze
Snake:4:  johnstein_snake_rune_scales, layout_grid_maze
Slime:1:  cheibrodos_slime_lost_civilization_8, layout_caves,
          cheibrodos_slime_lost_civilization_7
Slime:2:  layout_caves
Slime:3:  cheibrodos_slime_lost_civilization_10, layout_caves, basic_altar
Slime:4:  layout_caves, special_room [special_room_jelly]
Slime:5
Orc:1:    layout_caves
Orc:2:    st_orc_mages, layout_caves, basic_altar
Elf:1:    layout_rooms, minmay_elf_demonology, hex_medium, uniq_frances
Elf:2:    layout_geoelf_grid, serial_shops, shop, basic_altar, st_stairs_13,
          minmay_shoptagon, uniq_saint_roka
Elf:3:    minmay_elf_hall_not_hex, layout_geoelf_castle, serial_shops, shop,
          enter_trove_2
Vaults:1: hangedman_vaults_unwind, vaults_standard_mumra_x, v_misc_24,
          st_octagons_2, nicolae_vaults_circle_grid_b,
          nicolae_vaults_three_branches, layout_vaults_omnigrid
Vaults:2: nicolae_vaults_windows_and_doors_thing, vaults_dpeg_encased_lava,
          nicolae_vaults_network_square, hangedman_vaults_cutoff,
          ontoclasm_vaults_ring_large, nicolae_vaults_mini_display_case,
          vaults_dpeg_ring, dpeg_vaults_monster_box, layout_vaults_chaotic_city,
          serial_shops, shop_scrolls, uniq_donald, uniq_xtahua
Vaults:3: v_misc_13, nicolae_vaults_yaktaur_gun_rack, v_alt_pattern_2,
          minmay_crypt_entry_simple_corners, vaults_room_fancy_cross, v_rooms_6,
          v_misc_30, vaults_mumra_hexcomb, hangedman_vaults_trim, st_more_cells,
          vaults_room_pools, layout_vaults_ring
Vaults:4: grunt_vaults_diagonal, nicolae_vaults_alarming, hangedman_vaults_maws,
          ontoclasm_vaults_tryst, v_misc_25, vaults_room_semicircle,
          hangedman_vaults_variations, v_misc_25, v_misc_33,
          hangedman_vaults_stitches, hangedman_vaults_nails,
          ontoclasm_vaults_loading_screen, ontoclasm_vaults_gallery,
          vaults_room_ringed_pool, layout_vaults_omnibox, serial_shops, shop
Vaults:5: uniq_margery
Crypt:1:  grunt_deathspiral_small, layout_misc_corridors,
          ebering_dispersal_statue_hall, serial_sigils_hangedman_confine,
          uniq_mennas, uniq_mara
Crypt:2:  layout_misc_corridors, ebering_ghost_rock_garden
Crypt:3:  evilmike_haunted_forest, uniq_khufu, uniq_frederick
Depths:1: layout_honeycomb, hell_entry, grunt_decor_one_mirror,
          minmay_misc_feat_cross, minmay_hollow_rounded_squares,
          minmay_shop_grove, serial_bayou_shore_a, firewood_loft
Depths:2: evilmike_iron_armoury, layout_gridlike,
          hangedman_abyss_or_decor_jellyfish_corner, grunt_pan_entry_in_and_out,
          serial_shops, nicolae_shop_trees, pf_vacation_house_of_asmodeus,
          abyss_entry, infiniplex_staircase_pool_1
Depths:3: minmay_skeletal_surprise, layout_basic, enter_ziggurat_f,
          rand_demon_pan_entry_5, hell_entry, serial_shops,
          nicolae_shop_behind_doors, glass_columns_b, serial_bayou_shore_b,
          minmay_shop_star, grunt_megastairs_2, serial_bayou_shore_b,
          minmay_staircase_bubble
Depths:4: impenetrable_vault, layout_twisted_cross, hellmouth_3,
          corexii_leaking_fountain, abyss_entry, infiniplex_staircase_zigzag_1
Depths:5: evilmike_zot_entry_diamond, layout_cave_shapes, serial_shops,
          shop_fountains, nicolae_dithmenos_shadow_blocks, hell_entry,
          abyss_entry_small_statue_room, nemelex_xobeh_ov_fountains_minmay
Hell
Dis:1:    layout_jigsaw
Dis:2:    layout_subdivisions
Dis:3:    layout_regular_city
Dis:4:    layout_subdivisions
Dis:5:    layout_subdivisions
Dis:6:    layout_jigsaw
Dis:7:    iron_city_of_dis [dis_mu, dis_wall_2], layout_chaotic_city
Coc:1:    layout_ice_bergs
Coc:2:    layout_cocytus_water_paths
Coc:3:    layout_cocytus_water_paths
Coc:4:    layout_cocytus_water_paths
Coc:5:    layout_cocytus_water_paths
Coc:6:    layout_ice_bergs
Coc:7:    coc_grunt
Zot:1:    layout_basic, grunt_megastairs_4
Zot:2:    kennysheep_room_grid, layout_twisted_circle, grunt_megastairs_3
Zot:3:    layout_misc_corridors
Zot:4:    layout_basic
Zot:5:    layout_misc_corridors, basic_altar, ebering_ghost_disaster_area

Notes
Turn   | Place    | Note
-------+----------+-------------------------------------------
     0 | D:1      | spiderkeys the Gnoll Air Elementalist began the quest for
                  | the Orb.
     0 | D:1      | Reached XP level 1. HP: 13/13 MP: 6/6
     0 | D:1      | magus.rc [v1.9.10]
   414 | D:1      | Reached skill level 2 in Conjurations
   512 | D:1      | Found a faded altar of an unknown god.
   608 | D:1      | Reached XP level 2. HP: 19/19 MP: 4/7
   712 | D:1      | Learned a level 2 spell: Static Discharge
   980 | D:2      | Reached skill level 5 in Spellcasting
   980 | D:2      | Reached XP level 3. HP: 22/25 MP: 1/9
  1289 | D:2      | Reached skill level 1 in Invocations
  1480 | D:2      | Reached skill level 1 in Fighting
  1480 | D:2      | Reached skill level 1 in Short Blades
  1480 | D:2      | Reached skill level 1 in Long Blades
  1480 | D:2      | Reached skill level 1 in Axes
  1480 | D:2      | Reached skill level 1 in Maces & Flails
  1480 | D:2      | Reached skill level 1 in Polearms
  1480 | D:2      | Reached skill level 1 in Staves
  1480 | D:2      | Reached skill level 1 in Slings
  1480 | D:2      | Reached skill level 1 in Bows
  1480 | D:2      | Reached skill level 1 in Crossbows
  1480 | D:2      | Reached skill level 1 in Throwing
  1480 | D:2      | Reached skill level 1 in Armour
  1480 | D:2      | Reached skill level 1 in Shields
  1480 | D:2      | Reached skill level 1 in Unarmed Combat
  1480 | D:2      | Reached skill level 1 in Evocations
  1480 | D:2      | Reached XP level 4. HP: 32/32 MP: 1/11
  1588 | D:1      | Reached skill level 1 in Hexes
  1588 | D:1      | Reached skill level 1 in Summonings
  1588 | D:1      | Reached skill level 1 in Necromancy
  1588 | D:1      | Reached skill level 1 in Translocations
  1588 | D:1      | Reached skill level 1 in Transmutations
  1588 | D:1      | Reached skill level 1 in Fire Magic
  1588 | D:1      | Reached skill level 1 in Ice Magic
  1588 | D:1      | Reached skill level 1 in Earth Magic
  1588 | D:1      | Reached skill level 1 in Poison Magic
  2315 | D:3      | Reached XP level 5. HP: 34/37 MP: 5/12
  2378 | D:3      | Found a runed translucent door.
  2380 | D:3      | Noticed experimilk's ghost (amateur GrVM)
  2726 | D:3      | Found an ancient bone altar of Kikubaaqudgha.
  3462 | D:4      | Reached skill level 2 in Invocations
  3462 | D:4      | Reached XP level 6. HP: 44/44 MP: 10/13
  3753 | D:4      | Noticed Edmund
  3781 | D:4      | Killed Edmund
  3782 | D:4      | Reached skill level 2 in Fighting
  3782 | D:4      | Reached skill level 2 in Short Blades
  3782 | D:4      | Reached skill level 2 in Long Blades
  3782 | D:4      | Reached skill level 2 in Axes
  3782 | D:4      | Reached skill level 2 in Maces & Flails
  3782 | D:4      | Reached skill level 2 in Polearms
  3782 | D:4      | Reached skill level 2 in Staves
  3782 | D:4      | Reached skill level 2 in Slings
  3782 | D:4      | Reached skill level 2 in Bows
  3782 | D:4      | Reached skill level 2 in Crossbows
  3782 | D:4      | Reached skill level 2 in Throwing
  3782 | D:4      | Reached skill level 2 in Armour
  3782 | D:4      | Reached skill level 5 in Dodging
  3782 | D:4      | Reached skill level 2 in Shields
  3782 | D:4      | Reached skill level 2 in Unarmed Combat
  3782 | D:4      | Reached skill level 2 in Evocations
  3879 | D:4      | Found a staircase to the Ecumenical Temple.
  3894 | Temple   | Entered the Ecumenical Temple
  3962 | Temple   | Became a worshipper of Sif Muna the Loreminder
  4018 | D:4      | You pick up a book of Air and begin reading...
  4029 | D:4      | Learned a level 4 spell: Airstrike
  4043 | D:4      | Reached XP level 7. HP: 46/50 MP: 6/15
  4458 | D:5      | Entered Level 5 of the Dungeon
  4540 | D:5      | Reached skill level 3 in Conjurations
  4540 | D:5      | Reached skill level 2 in Hexes
  4540 | D:5      | Reached skill level 2 in Summonings
  4540 | D:5      | Reached skill level 2 in Necromancy
  4540 | D:5      | Reached skill level 2 in Translocations
  4540 | D:5      | Reached skill level 2 in Transmutations
  4540 | D:5      | Reached skill level 2 in Fire Magic
  4540 | D:5      | Reached skill level 2 in Ice Magic
  4540 | D:5      | Reached skill level 2 in Earth Magic
  4540 | D:5      | Reached skill level 2 in Poison Magic
  4803 | D:4      | Reached skill level 5 in Stealth
  4803 | D:4      | Reached skill level 3 in Invocations
  5113 | D:5      | Reached skill level 6 in Air Magic
  5113 | D:5      | Reached XP level 8. HP: 55/57 MP: 11/16
  5172 | D:5      | Reached skill level 3 in Fighting
  5172 | D:5      | Reached skill level 3 in Short Blades
  5172 | D:5      | Reached skill level 3 in Long Blades
  5172 | D:5      | Reached skill level 3 in Axes
  5172 | D:5      | Reached skill level 3 in Maces & Flails
  5172 | D:5      | Reached skill level 3 in Polearms
  5172 | D:5      | Reached skill level 3 in Staves
  5172 | D:5      | Reached skill level 3 in Slings
  5172 | D:5      | Reached skill level 3 in Bows
  5172 | D:5      | Reached skill level 3 in Crossbows
  5172 | D:5      | Reached skill level 3 in Throwing
  5172 | D:5      | Reached skill level 3 in Armour
  5172 | D:5      | Reached skill level 3 in Shields
  5172 | D:5      | Reached skill level 3 in Unarmed Combat
  5172 | D:5      | Reached skill level 3 in Evocations
  5643 | D:5      | Reached skill level 6 in Spellcasting
  5678 | D:5      | Found a hide-covered altar of Uskayaw.
  5841 | D:5      | Found a stormy altar of Qazlal.
  6311 | D:6      | Found a shadowy altar of Dithmenos.
  6381 | D:6      | Identified a +0 robe of the Archmagi
  6917 | D:6      | Found a glowing silver altar of Zin.
  6930 | D:6      | Reached skill level 4 in Invocations
  6971 | D:6      | Reached skill level 6 in Dodging
  6971 | D:6      | Reached skill level 3 in Hexes
  6971 | D:6      | Reached skill level 3 in Summonings
  6971 | D:6      | Reached skill level 3 in Necromancy
  6971 | D:6      | Reached skill level 3 in Translocations
  6971 | D:6      | Reached skill level 3 in Transmutations
  6971 | D:6      | Reached skill level 3 in Fire Magic
  6971 | D:6      | Reached skill level 3 in Ice Magic
  6971 | D:6      | Reached skill level 3 in Earth Magic
  6971 | D:6      | Reached skill level 3 in Poison Magic
  6979 | D:6      | Reached XP level 9. HP: 50/65 MP: 2/18
  7347 | D:6      | Found Hiator's Weapon Shoppe.
  7427 | D:7      | Found an ornate altar of the Wu Jian Council.
  7532 | D:7      | Reached skill level 4 in Fighting
  7532 | D:7      | Reached skill level 4 in Short Blades
  7532 | D:7      | Reached skill level 4 in Long Blades
  7532 | D:7      | Reached skill level 4 in Axes
  7532 | D:7      | Reached skill level 4 in Maces & Flails
  7532 | D:7      | Reached skill level 4 in Polearms
  7532 | D:7      | Reached skill level 4 in Staves
  7532 | D:7      | Reached skill level 4 in Slings
  7532 | D:7      | Reached skill level 4 in Bows
  7532 | D:7      | Reached skill level 4 in Crossbows
  7532 | D:7      | Reached skill level 4 in Throwing
  7532 | D:7      | Reached skill level 4 in Armour
  7532 | D:7      | Reached skill level 4 in Shields
  7532 | D:7      | Reached skill level 4 in Unarmed Combat
  7532 | D:7      | Reached skill level 4 in Conjurations
  7532 | D:7      | Reached skill level 4 in Evocations
  7665 | D:7      | Reached * piety under Sif Muna
  7733 | D:7      | Noticed a hornet
  7740 | D:7      | Killed a hornet
  7867 | D:7      | Reached skill level 6 in Stealth
  9442 | D:8      | Reached skill level 5 in Invocations
 10445 | D:9      | Found an opulent altar of Gozag.
 10489 | D:9      | Reached skill level 7 in Spellcasting
 10489 | D:9      | Reached XP level 10. HP: 73/73 MP: 14/20
 10491 | D:9      | Reached skill level 4 in Hexes
 10491 | D:9      | Reached skill level 4 in Summonings
 10491 | D:9      | Reached skill level 4 in Necromancy
 10491 | D:9      | Reached skill level 4 in Translocations
 10491 | D:9      | Reached skill level 4 in Transmutations
 10491 | D:9      | Reached skill level 4 in Fire Magic
 10491 | D:9      | Reached skill level 4 in Ice Magic
 10491 | D:9      | Reached skill level 4 in Earth Magic
 10491 | D:9      | Reached skill level 4 in Poison Magic
 10669 | D:9      | Noticed a death knight
 10959 | D:9      | Reached ** piety under Sif Muna
 10960 | D:9      | Reached skill level 5 in Fighting
 10960 | D:9      | Reached skill level 5 in Short Blades
 10960 | D:9      | Reached skill level 5 in Long Blades
 10960 | D:9      | Reached skill level 5 in Axes
 10960 | D:9      | Reached skill level 5 in Maces & Flails
 10960 | D:9      | Reached skill level 5 in Polearms
 10960 | D:9      | Reached skill level 5 in Staves
 10960 | D:9      | Reached skill level 5 in Slings
 10960 | D:9      | Reached skill level 5 in Bows
 10960 | D:9      | Reached skill level 5 in Crossbows
 10960 | D:9      | Reached skill level 5 in Throwing
 10960 | D:9      | Reached skill level 5 in Armour
 10960 | D:9      | Reached skill level 5 in Shields
 10960 | D:9      | Reached skill level 5 in Unarmed Combat
 10960 | D:9      | Reached skill level 5 in Evocations
 11497 | D:9      | HP: 15/74 [??? (12)]
 11501 | D:9      | Killed a death knight
 11502 | D:9      | Reached skill level 7 in Dodging
 11502 | D:9      | Reached skill level 7 in Air Magic
 11522 | D:8      | HP: 9/74 [yak (11)]
 11532 | D:8      | HP: 6/74 [yak (5)]
 12167 | D:9      | Reached skill level 5 in Conjurations
 12428 | D:8      | Reached skill level 6 in Invocations
 12442 | D:8      | Reached skill level 7 in Stealth
 12867 | D:9      | Found a sacrificial altar of Ru.
 13007 | D:10     | Entered Level 10 of the Dungeon
 13328 | D:10     | Reached XP level 11. HP: 81/81 MP: 15/22
 13492 | D:10     | Found a staircase to the Lair.
 13637 | D:10     | Reached skill level 6 in Fighting
 13637 | D:10     | Reached skill level 6 in Short Blades
 13637 | D:10     | Reached skill level 6 in Long Blades
 13637 | D:10     | Reached skill level 6 in Axes
 13637 | D:10     | Reached skill level 6 in Maces & Flails
 13637 | D:10     | Reached skill level 6 in Polearms
 13637 | D:10     | Reached skill level 6 in Staves
 13637 | D:10     | Reached skill level 6 in Slings
 13637 | D:10     | Reached skill level 6 in Bows
 13637 | D:10     | Reached skill level 6 in Crossbows
 13637 | D:10     | Reached skill level 6 in Throwing
 13637 | D:10     | Reached skill level 6 in Armour
 13637 | D:10     | Reached skill level 6 in Shields
 13637 | D:10     | Reached skill level 6 in Unarmed Combat
 13637 | D:10     | Reached skill level 6 in Evocations
 13693 | D:10     | You pick up a book of the Sky and begin reading...
 13693 | D:10     | You add the spells Summon Lightning Spire, Silence, Conjure
                  | Ball Lightning and Tornado to your library.
 13712 | D:10     | Noticed Grum
 13715 | D:10     | Killed Grum
 13716 | D:10     | Reached skill level 5 in Hexes
 13716 | D:10     | Reached skill level 5 in Summonings
 13716 | D:10     | Reached skill level 5 in Necromancy
 13716 | D:10     | Reached skill level 5 in Translocations
 13716 | D:10     | Reached skill level 5 in Transmutations
 13716 | D:10     | Reached skill level 5 in Fire Magic
 13716 | D:10     | Reached skill level 5 in Ice Magic
 13716 | D:10     | Reached skill level 5 in Earth Magic
 13716 | D:10     | Reached skill level 5 in Poison Magic
 13842 | D:10     | Found a glowing golden altar of the Shining One.
 14069 | D:10     | Learned a level 3 spell: Swiftness
 14074 | D:10     | Learned a level 4 spell: Summon Lightning Spire
 14114 | D:10     | Reached skill level 8 in Spellcasting
 14120 | D:10     | HP: 20/81 [yak (3)]
 14419 | D:10     | Found a staircase to the Orcish Mines.
 14518 | D:11     | Noticed a two-headed ogre
 14567 | Lair:1   | Entered Level 1 of the Lair of Beasts
 15066 | Lair:1   | Noticed a five-headed hydra
 15108 | Lair:1   | Killed a five-headed hydra
 15109 | Lair:1   | Reached skill level 8 in Dodging
 15109 | Lair:1   | Reached skill level 7 in Invocations
 15305 | Lair:1   | Identified the +7 rapier of Mayhem {flame, rC+ Str+2 Int+3
                  | Stlth-}
 16018 | Lair:2   | Found a frozen archway.
 16036 | Lair:2   | Reached skill level 6 in Conjurations
 16130 | IceCv    | Entered an ice cave
 16137 | IceCv    | Reached skill level 8 in Stealth
 16137 | IceCv    | Reached *** piety under Sif Muna
 16215 | IceCv    | Reached skill level 8 in Air Magic
 16227 | IceCv    | Reached XP level 12. HP: 89/89 MP: 11/24
 16807 | IceCv    | Reached skill level 7 in Fighting
 16807 | IceCv    | Reached skill level 7 in Short Blades
 16807 | IceCv    | Reached skill level 7 in Long Blades
 16807 | IceCv    | Reached skill level 7 in Axes
 16807 | IceCv    | Reached skill level 7 in Maces & Flails
 16807 | IceCv    | Reached skill level 7 in Polearms
 16807 | IceCv    | Reached skill level 7 in Staves
 16807 | IceCv    | Reached skill level 7 in Slings
 16807 | IceCv    | Reached skill level 7 in Bows
 16807 | IceCv    | Reached skill level 7 in Crossbows
 16807 | IceCv    | Reached skill level 7 in Throwing
 16807 | IceCv    | Reached skill level 7 in Armour
 16807 | IceCv    | Reached skill level 7 in Shields
 16807 | IceCv    | Reached skill level 7 in Unarmed Combat
 16807 | IceCv    | Reached skill level 7 in Evocations
 16822 | IceCv    | Noticed an ice dragon
 16822 | IceCv    | Noticed an ice dragon
 16832 | IceCv    | Killed an ice dragon
 16837 | IceCv    | HP: 20/91 [ice dragon (8)]
 16838 | IceCv    | Killed an ice dragon
 17314 | Lair:2   | Noticed Fannar
 17411 | Lair:2   | Reached skill level 6 in Hexes
 17411 | Lair:2   | Reached skill level 6 in Summonings
 17411 | Lair:2   | Reached skill level 6 in Necromancy
 17411 | Lair:2   | Reached skill level 6 in Translocations
 17411 | Lair:2   | Reached skill level 6 in Transmutations
 17411 | Lair:2   | Reached skill level 6 in Fire Magic
 17411 | Lair:2   | Reached skill level 6 in Ice Magic
 17411 | Lair:2   | Reached skill level 6 in Earth Magic
 17411 | Lair:2   | Reached skill level 6 in Poison Magic
 17663 | Lair:2   | Killed Fannar
 17664 | Lair:2   | Reached skill level 9 in Spellcasting
 17664 | Lair:2   | Reached skill level 8 in Invocations
 17771 | Lair:2   | Identified the +1 pair of gloves of Xilidac {rPois Stlth+}
 17798 | Lair:2   | Found a staircase to the Swamp.
 17993 | Lair:2   | Identified the +1 robe "Utwionn" {Rampage Dex+4}
 18168 | Lair:2   | HP: 17/91 [yak (6)]
 18175 | Lair:2   | Reached skill level 9 in Dodging
 18175 | Lair:2   | Reached **** piety under Sif Muna
 18372 | Lair:2   | Noticed a six-headed hydra
 18381 | Lair:2   | Killed a six-headed hydra
 18551 | Lair:2   | Found a staircase to the Snake Pit.
 18961 | Lair:3   | Reached XP level 13. HP: 60/98 MP: 18/26
 18962 | Lair:3   | Reached skill level 9 in Stealth
 19049 | Lair:3   | Reached skill level 7 in Conjurations
 19324 | Lair:3   | Reached skill level 8 in Fighting
 19324 | Lair:3   | Reached skill level 8 in Short Blades
 19324 | Lair:3   | Reached skill level 8 in Long Blades
 19324 | Lair:3   | Reached skill level 8 in Axes
 19324 | Lair:3   | Reached skill level 8 in Maces & Flails
 19324 | Lair:3   | Reached skill level 8 in Polearms
 19324 | Lair:3   | Reached skill level 8 in Staves
 19324 | Lair:3   | Reached skill level 8 in Slings
 19324 | Lair:3   | Reached skill level 8 in Bows
 19324 | Lair:3   | Reached skill level 8 in Crossbows
 19324 | Lair:3   | Reached skill level 8 in Throwing
 19324 | Lair:3   | Reached skill level 8 in Armour
 19324 | Lair:3   | Reached skill level 8 in Shields
 19324 | Lair:3   | Reached skill level 8 in Unarmed Combat
 19324 | Lair:3   | Reached skill level 8 in Evocations
 19880 | Lair:3   | Reached skill level 9 in Invocations
 20006 | Lair:3   | Learned a level 5 spell: Lightning Bolt
 20602 | Lair:4   | Reached skill level 7 in Hexes
 20602 | Lair:4   | Reached skill level 7 in Summonings
 20602 | Lair:4   | Reached skill level 7 in Necromancy
 20602 | Lair:4   | Reached skill level 7 in Translocations
 20602 | Lair:4   | Reached skill level 7 in Transmutations
 20602 | Lair:4   | Reached skill level 7 in Fire Magic
 20602 | Lair:4   | Reached skill level 7 in Ice Magic
 20602 | Lair:4   | Reached skill level 9 in Air Magic
 20602 | Lair:4   | Reached skill level 7 in Earth Magic
 20602 | Lair:4   | Reached skill level 7 in Poison Magic
 20870 | Lair:4   | Reached ***** piety under Sif Muna
 21554 | Lair:5   | Reached skill level 10 in Spellcasting
 21557 | Lair:5   | Identified Sif Muna's Collected Works on Lightness and
                  | Shape Shifting (Sif Muna gifted it to you on level 5 of the
                  | Lair of Beasts)
 21557 | Lair:5   | Received a gift from Sif Muna
 21577 | Lair:5   | You add the spells Corpse Rot, Alistair's Intoxication and
                  | Dragon Form to your library.
 21705 | Lair:5   | You fall into a shaft and drop 1 floor!
 21705 | Lair:6   | Entered Level 6 of the Lair of Beasts
 21973 | Lair:5   | HP: 17/100 [death yak (22)]
 22118 | Lair:5   | Reached XP level 14. HP: 106/106 MP: 6/28
 22249 | Lair:5   | Learned a level 9 spell: Tornado
 22317 | Lair:5   | Reached skill level 10 in Dodging
 22429 | Lair:5   | Reached skill level 9 in Fighting
 22429 | Lair:5   | Reached skill level 9 in Short Blades
 22429 | Lair:5   | Reached skill level 9 in Long Blades
 22429 | Lair:5   | Reached skill level 9 in Axes
 22429 | Lair:5   | Reached skill level 9 in Maces & Flails
 22429 | Lair:5   | Reached skill level 9 in Polearms
 22429 | Lair:5   | Reached skill level 9 in Staves
 22429 | Lair:5   | Reached skill level 9 in Slings
 22429 | Lair:5   | Reached skill level 9 in Bows
 22429 | Lair:5   | Reached skill level 9 in Crossbows
 22429 | Lair:5   | Reached skill level 9 in Throwing
 22429 | Lair:5   | Reached skill level 9 in Armour
 22429 | Lair:5   | Reached skill level 9 in Shields
 22429 | Lair:5   | Reached skill level 9 in Unarmed Combat
 22429 | Lair:5   | Reached skill level 9 in Evocations
 22749 | Lair:5   | Reached skill level 8 in Ice Magic
 22938 | Lair:5   | Reached skill level 10 in Stealth
 23129 | Lair:5   | HP: 26/108 [five-headed hydra (11)]
 23325 | Lair:5   | Found a staircase to the Slime Pits.
 23887 | Lair:6   | Reached skill level 8 in Conjurations
 23958 | Lair:5   | Reached skill level 10 in Invocations
 25712 | Lair:6   | Received a gift from Sif Muna
 25713 | Lair:6   | Reached skill level 8 in Hexes
 25713 | Lair:6   | Reached skill level 8 in Summonings
 25713 | Lair:6   | Reached skill level 8 in Necromancy
 25713 | Lair:6   | Reached skill level 8 in Translocations
 25713 | Lair:6   | Reached skill level 8 in Transmutations
 25713 | Lair:6   | Reached skill level 8 in Fire Magic
 25713 | Lair:6   | Reached skill level 8 in Earth Magic
 25713 | Lair:6   | Reached skill level 8 in Poison Magic
 25715 | Lair:6   | You pick up a book of Unlife and begin reading...
 25715 | Lair:6   | You add the spells Animate Dead, Borgnjor's Vile Clutch,
                  | Death Channel and Simulacrum to your library.
 25935 | Lair:6   | Reached skill level 9 in Ice Magic
 26257 | Lair:6   | Identified the ring "Asabuck" {Fly rC+ Dex+4}
 26296 | Lair:6   | magus.rc [v1.9.10]
 26464 | Orc:1    | Entered Level 1 of the Orcish Mines
 26653 | Orc:2    | Entered Level 2 of the Orcish Mines
 26658 | Orc:2    | Reached XP level 15. HP: 115/115 MP: 20/29
 27627 | Orc:2    | Found a staircase to the Elven Halls.
 28311 | Orc:2    | Found Deffyije's Antique Weapon Shoppe.
 28311 | Orc:2    | Found Exkesul's Book Shoppe.
 28312 | Orc:2    | Found Imunasch's Book Emporium.
 28316 | Orc:2    | Found Ladukku's Book Emporium.
 28771 | Orc:2    | Bought a slimy short sword for 176 gold pieces
 28771 | Orc:2    | Identified the +5 short sword "Luts" {protect, rN+} (You
                  | bought it in a shop on level 2 of the Orcish Mines)
 28771 | Orc:2    | Bought a polished rapier for 198 gold pieces
 28771 | Orc:2    | Identified the +7 rapier "Utaadduc" {freeze, rPois} (You
                  | bought it in a shop on level 2 of the Orcish Mines)
 28778 | Orc:2    | Bought a book of Transfigurations for 825 gold pieces
 28778 | Orc:2    | You pick up a book of Transfigurations and begin reading...
 28778 | Orc:2    | You add the spells Irradiate, Statue Form and Blade Hands
                  | to your library.
 28901 | D:7      | Learned a level 6 spell: Statue Form
 29330 | Orc:2    | Bought a book of Death for 980 gold pieces
 29330 | Orc:2    | You pick up a book of Death and begin reading...
 29330 | Orc:2    | You add the spells Sublimation of Blood, Dispel Undead,
                  | Agony and Excruciating Wounds to your library.
 29330 | Orc:2    | Bought a book of Geomancy for 490 gold pieces
 29330 | Orc:2    | You pick up a book of Geomancy and begin reading...
 29330 | Orc:2    | You add the spells Sandblast, Passwall, Stone Arrow,
                  | Petrify and Lee's Rapid Deconstruction to your library.
 29334 | Orc:2    | Learned a level 3 spell: Stone Arrow
 29402 | D:11     | Reached skill level 11 in Spellcasting
 29489 | D:10     | Gained mutation: You are agile. (Dex +2) [mutagenic glow]
 29501 | D:10     | Gained mutation: Your spells are a little easier to cast,
                  | but a little less powerful. [mutagenic glow]
 29590 | D:10     | Lost mutation: You are agile. (Dex +2) [potion of mutation]
 29590 | D:10     | Lost mutation: Your spells are a little easier to cast, but
                  | a little less powerful. [potion of mutation]
 29590 | D:10     | Gained mutation: You are agile. (Dex +2) [potion of
                  | mutation]
 29590 | D:10     | Gained mutation: Your mind is acute. (Int +2) [potion of
                  | mutation]
 29678 | D:11     | Identified Saybrare's Grimoire of Attacks and Evil Rituals
                  | (Sif Muna gifted it to you on level 11 of the Dungeon)
 29678 | D:11     | You see here Saybrare's Grimoire of Attacks and Evil
                  | Rituals.
 29678 | D:11     | Received a gift from Sif Muna
 29681 | D:11     | You pick up Saybrare's Grimoire of Attacks and Evil Rituals
                  | and begin reading...
 29681 | D:11     | You add the spells Magic Dart, Mephitic Cloud, Iron Shot
                  | and Haunt to your library.
 29913 | D:11     | Noticed Maurice
 29924 | D:11     | Killed Maurice
 29925 | D:11     | Reached skill level 10 in Air Magic
 29969 | D:11     | Noticed Nergalle
 29983 | D:11     | Killed Nergalle
 30431 | D:11     | Found a transporter.
 30469 | D:11     | Found a transporter.
 31141 | D:12     | Reached skill level 10 in Fighting
 31141 | D:12     | Reached skill level 10 in Short Blades
 31141 | D:12     | Reached skill level 10 in Long Blades
 31141 | D:12     | Reached skill level 10 in Axes
 31141 | D:12     | Reached skill level 10 in Maces & Flails
 31141 | D:12     | Reached skill level 10 in Polearms
 31141 | D:12     | Reached skill level 10 in Staves
 31141 | D:12     | Reached skill level 10 in Slings
 31141 | D:12     | Reached skill level 10 in Bows
 31141 | D:12     | Reached skill level 10 in Crossbows
 31141 | D:12     | Reached skill level 10 in Throwing
 31141 | D:12     | Reached skill level 10 in Armour
 31141 | D:12     | Reached skill level 10 in Shields
 31141 | D:12     | Reached skill level 10 in Unarmed Combat
 31141 | D:12     | Reached skill level 10 in Evocations
 31221 | D:12     | You add the spells Summon Forest, Hydra Form, Eringya's
                  | Noxious Bog and Summon Hydra to your library.
 31369 | D:12     | Found Ynlaxzo's Armour Boutique.
 31837 | D:13     | Noticed Rupert
 31849 | D:13     | HP: 12/149 [Rupert/+1 vorpal great mace (29)]
 31849 | D:13     | HP: 3/149 [Rupert/+1 vorpal great mace (9)]
 32089 | D:13     | Reached skill level 11 in Dodging
 32163 | D:13     | Found Mohyj's Weapon Shop.
 32281 | D:13     | HP: 28/115 [poison (dark miasma)]
 32286 | D:13     | HP: 19/115 [poison (dark miasma)]
 32977 | D:13     | Reached skill level 11 in Invocations
 33106 | D:13     | You are cast into the Abyss!
 33106 | D:13     | Cast into level 2 of the Abyss (a wizard)
 33250 | D:13     | You pass through the gate.
 33250 | D:13     | Escaped the Abyss
 33546 | D:13     | Found a gate to the Vaults.
 33752 | D:13     | Reached skill level 11 in Stealth
 33874 | D:13     | Killed Rupert
 34033 | D:13     | Reached skill level 9 in Conjurations
 34033 | D:13     | Reached skill level 10 in Ice Magic
 34139 | D:14     | Identified a scroll of acquirement
 34140 | D:14     | Acquired the +4 kite shield of Syndicalism {-Tele rElec
                  | Int+7 SInv}
 34258 | D:14     | Found a runed translucent gate.
 34259 | D:14     | Found a runed translucent gate.
 34262 | D:14     | Found a runed translucent gate.
 34302 | D:14     | Noticed Xisuv's ghost (journeyman MiDe)
 34310 | D:14     | Killed Xisuv's ghost
 34314 | D:14     | You pick up a book of the Dragon and begin reading...
 34314 | D:14     | You add the spells Foxfire, Cause Fear and Dragon's Call to
                  | your library.
 34750 | D:14     | Found a bloodstained altar of Trog.
 35127 | D:15     | Entered Level 15 of the Dungeon
 35163 | D:14     | Reached XP level 16. HP: 87/123 MP: 23/31
 35440 | D:15     | Found a staircase to the Depths.
 35848 | D:15     | Reached skill level 9 in Hexes
 35848 | D:15     | Reached skill level 9 in Summonings
 35848 | D:15     | Reached skill level 9 in Necromancy
 35848 | D:15     | Reached skill level 9 in Translocations
 35848 | D:15     | Reached skill level 9 in Transmutations
 35848 | D:15     | Reached skill level 9 in Fire Magic
 35848 | D:15     | Reached skill level 9 in Earth Magic
 35848 | D:15     | Reached skill level 9 in Poison Magic
 36189 | D:15     | Received a gift from Sif Muna
 36197 | D:15     | You pick up a book of Necromancy and begin reading...
 36197 | D:15     | You add the spells Pain, Animate Skeleton and Vampiric
                  | Draining to your library.
 36637 | Depths:1 | Entered Level 1 of the Depths
 37048 | D:12     | Bought the +4 moon troll leather armour {Spirit, Regen++
                  | MP+5} for 708 gold pieces
 37048 | D:12     | Found the +4 moon troll leather armour {Spirit, Regen++
                  | MP+5}
 37430 | D:3      | Killed experimilk's ghost
 37735 | D:11     | Noticed flotson's ghost (journeyman GnDe)
 37735 | D:11     | Found a one-way gate to the infinite horrors of the Abyss.
 37748 | D:11     | Killed flotson's ghost
 37953 | Swamp:1  | Entered Level 1 of the Swamp
 37964 | Swamp:1  | You pick up a book of Misfortune and begin reading...
 37964 | Swamp:1  | You add the spells Confusing Touch, Gell's Gravitas,
                  | Metabolic Englaciation and Yara's Violent Unravelling to
                  | your library.
 38464 | Swamp:1  | HP: 38/161 [spriggan druid/stone arrow (24)]
 38466 | Swamp:1  | HP: 6/161 [will-o-the-wisp/foxfire (16)]
 38466 | Swamp:1  | HP: 2/161 [spriggan druid/+2 quarterstaff of pain (4)]
 38948 | Swamp:1  | Reached skill level 11 in Ice Magic
 39106 | Swamp:2  | Identified the +4 scale mail of Recklessness {*Corrode rF+
                  | Int+5}
 39135 | Swamp:2  | Reached skill level 11 in Fighting
 39135 | Swamp:2  | Reached skill level 11 in Short Blades
 39135 | Swamp:2  | Reached skill level 11 in Long Blades
 39135 | Swamp:2  | Reached skill level 11 in Axes
 39135 | Swamp:2  | Reached skill level 11 in Maces & Flails
 39135 | Swamp:2  | Reached skill level 11 in Polearms
 39135 | Swamp:2  | Reached skill level 11 in Staves
 39135 | Swamp:2  | Reached skill level 11 in Slings
 39135 | Swamp:2  | Reached skill level 11 in Bows
 39135 | Swamp:2  | Reached skill level 11 in Crossbows
 39135 | Swamp:2  | Reached skill level 11 in Throwing
 39135 | Swamp:2  | Reached skill level 11 in Armour
 39135 | Swamp:2  | Reached skill level 11 in Shields
 39135 | Swamp:2  | Reached skill level 11 in Unarmed Combat
 39135 | Swamp:2  | Reached skill level 11 in Evocations
 39266 | Swamp:2  | Noticed a thorn hunter
 39276 | Swamp:2  | Killed a thorn hunter
 39277 | Swamp:2  | Reached skill level 12 in Spellcasting
 39813 | Swamp:2  | Reached skill level 12 in Invocations
 40668 | Swamp:2  | magus.rc [v1.9.10]
 40990 | Swamp:3  | You pick up a book of Hexes and begin reading...
 40992 | Swamp:3  | Identified the +8 war axe "Tormentor" {holy, rF+ Will++
                  | Dex+2}
 41035 | Swamp:3  | Reached skill level 12 in Dodging
 41242 | Swamp:3  | Reached XP level 17. HP: 131/131 MP: 25/33
 42018 | Swamp:4  | Entered Level 4 of the Swamp
 42022 | Swamp:4  | Noticed Bai Suzhen
 42056 | Swamp:3  | Killed Bai Suzhen
 42057 | Swamp:3  | Reached skill level 12 in Stealth
 42057 | Swamp:3  | Reached skill level 11 in Air Magic
 42382 | Swamp:4  | Reached skill level 10 in Conjurations
 42451 | Swamp:4  | You pick up a book of the Warp and begin reading...
 42451 | Swamp:4  | You add the spells Portal Projectile, Passage of Golubria,
                  | Manifold Assault, Dispersal and Disjunction to your
                  | library.
 43397 | Swamp:4  | Identified Sif Muna's Collected Works on Damaging Feathers
                  | (Sif Muna gifted it to you on level 4 of the Swamp)
 43397 | Swamp:4  | Received a gift from Sif Muna
 43400 | Swamp:4  | You add the spells Conjure Flame, Dazzling Flash, Sticky
                  | Flame and Chain Lightning to your library.
 44295 | Swamp:4  | Got a decaying rune of Zot
 44541 | Vaults:1 | Entered Level 1 of the Vaults
 44552 | Vaults:1 | Reached skill level 10 in Hexes
 44552 | Vaults:1 | Reached skill level 10 in Summonings
 44552 | Vaults:1 | Reached skill level 10 in Necromancy
 44552 | Vaults:1 | Reached skill level 10 in Translocations
 44552 | Vaults:1 | Reached skill level 10 in Transmutations
 44552 | Vaults:1 | Reached skill level 10 in Fire Magic
 44552 | Vaults:1 | Reached skill level 12 in Ice Magic
 44552 | Vaults:1 | Reached skill level 10 in Earth Magic
 44552 | Vaults:1 | Reached skill level 10 in Poison Magic
 44648 | Vaults:1 | HP: 28/133 [ironbound frostheart/frost (23)]
 44880 | Vaults:1 | You fall into a shaft and drop 1 floor!
 44899 | Vaults:2 | Reached XP level 18. HP: 140/140 MP: 34/34
 45101 | Vaults:2 | Paralysed by a sphinx for 7 turns
 45112 | Vaults:2 | Paralysed by a sphinx for 4 turns
 45294 | Vaults:1 | Reached skill level 12 in Fighting
 45294 | Vaults:1 | Reached skill level 12 in Short Blades
 45294 | Vaults:1 | Reached skill level 12 in Long Blades
 45294 | Vaults:1 | Reached skill level 12 in Axes
 45294 | Vaults:1 | Reached skill level 12 in Maces & Flails
 45294 | Vaults:1 | Reached skill level 12 in Polearms
 45294 | Vaults:1 | Reached skill level 12 in Staves
 45294 | Vaults:1 | Reached skill level 12 in Slings
 45294 | Vaults:1 | Reached skill level 12 in Bows
 45294 | Vaults:1 | Reached skill level 12 in Crossbows
 45294 | Vaults:1 | Reached skill level 12 in Throwing
 45294 | Vaults:1 | Reached skill level 12 in Armour
 45294 | Vaults:1 | Reached skill level 12 in Shields
 45294 | Vaults:1 | Reached skill level 12 in Unarmed Combat
 45294 | Vaults:1 | Reached skill level 12 in Evocations
 45403 | Vaults:1 | Identified Sif Muna's Incunabulum of Vitriolic Combat Magic
                  | (Sif Muna gifted it to you on level 1 of the Vaults)
 45403 | Vaults:1 | Received a gift from Sif Muna
 45406 | Vaults:1 | You add the spells Poisonous Vapours, Iskenderun's Mystic
                  | Blast, Spellforged Servitor and Lehudib's Crystal Spear to
                  | your library.
 45593 | Vaults:1 | Reached skill level 13 in Invocations
 45678 | Vaults:1 | HP: 43/182 [deep elf annihilator/crystal spear (9)]
 45685 | Vaults:1 | HP: 22/182 [war gargoyle/+0 morningstar[a peacekeeper]
                  | (19)]
 45925 | D:13     | Learned a level 5 spell: Irradiate
 45925 | D:13     | magus.rc [v1.9.10]
 46028 | Snake:1  | Entered Level 1 of the Snake Pit
 46033 | Snake:1  | Reached skill level 13 in Spellcasting
 46035 | Snake:1  | Noticed Aizul
 46210 | Lair:2   | Killed Aizul
 46712 | Snake:1  | Noticed Roxanne
 47022 | Snake:1  | Killed Roxanne
 47037 | Snake:1  | You pick up a book of the Earth and begin reading...
 47037 | Snake:1  | You add the spells Animate Armour, Leda's Liquefaction,
                  | Bolt of Magma and Shatter to your library.
 47331 | Snake:1  | Reached skill level 13 in Dodging
 47958 | Snake:1  | Noticed Louise
 47963 | Snake:1  | Killed Louise
 48705 | Snake:2  | Found a flickering gateway to a bazaar.
 48714 | Bazaar   | Entered a bazaar
 48752 | Bazaar   | Found Odie's Magic Scroll Boutique.
 48766 | Bazaar   | Found Fiotie Fomp's Weapon Shop.
 48794 | Bazaar   | Found Pyeces's Armour Shop.
 48808 | Bazaar   | Found Wulucut's Jewellery Boutique.
 48922 | Bazaar   | Bought a scroll of magic mapping for 59 gold pieces
 48922 | Bazaar   | Bought 3 scrolls of summoning for 484 gold pieces
 49214 | Snake:2  | Found a runed translucent gate.
 49216 | Snake:2  | Found a runed translucent gate.
 49218 | Snake:2  | Found a runed translucent gate.
 49224 | Snake:2  | Noticed jejorda2's ghost (adept MfBe)
 49224 | Snake:2  | Noticed Ulyakk's ghost (adept MfTm)
 49411 | Snake:2  | Reached skill level 13 in Stealth
 49530 | Snake:2  | Reached skill level 13 in Ice Magic
 49730 | Snake:2  | Identified the +8 quarterstaff of the Absolute Madman
                  | {elec, rF+}
 50267 | Snake:2  | Killed jejorda2's ghost
 50300 | Snake:2  | Killed Ulyakk's ghost
 50839 | Snake:3  | You pick up a book of Burglary and begin reading...
 51149 | Snake:3  | Reached XP level 19. HP: 147/147 MP: 36/36
 51347 | Snake:4  | Entered Level 4 of the Snake Pit
 51371 | Snake:4  | Reached skill level 11 in Conjurations
 51390 | Snake:4  | Identified Sif Muna's Second Course in Sorcery (Sif Muna
                  | gifted it to you on level 4 of the Snake Pit)
 51390 | Snake:4  | Received a gift from Sif Muna
 51944 | Snake:4  | Reached skill level 12 in Air Magic
 52936 | Snake:4  | Reached skill level 11 in Hexes
 52936 | Snake:4  | Reached skill level 11 in Summonings
 52936 | Snake:4  | Reached skill level 11 in Necromancy
 52936 | Snake:4  | Reached skill level 11 in Translocations
 52936 | Snake:4  | Reached skill level 11 in Transmutations
 52936 | Snake:4  | Reached skill level 11 in Fire Magic
 52936 | Snake:4  | Reached skill level 11 in Earth Magic
 52936 | Snake:4  | Reached skill level 11 in Poison Magic
 53393 | Snake:4  | Got a serpentine rune of Zot
 53551 | Snake:4  | Identified Sif Muna's Disquisition on the Frostbite and
                  | Combat Magic (Sif Muna gifted it to you on level 4 of the
                  | Snake Pit)
 53551 | Snake:4  | Received a gift from Sif Muna
 53591 | Snake:4  | You add the spells Freeze and Ozocubu's Refrigeration to
                  | your library.
 54656 | Vaults:1 | Reached skill level 14 in Invocations
 55170 | Vaults:1 | Reached skill level 13 in Fighting
 55170 | Vaults:1 | Reached skill level 13 in Short Blades
 55170 | Vaults:1 | Reached skill level 13 in Long Blades
 55170 | Vaults:1 | Reached skill level 13 in Axes
 55170 | Vaults:1 | Reached skill level 13 in Maces & Flails
 55170 | Vaults:1 | Reached skill level 13 in Polearms
 55170 | Vaults:1 | Reached skill level 13 in Staves
 55170 | Vaults:1 | Reached skill level 13 in Slings
 55170 | Vaults:1 | Reached skill level 13 in Bows
 55170 | Vaults:1 | Reached skill level 13 in Crossbows
 55170 | Vaults:1 | Reached skill level 13 in Throwing
 55170 | Vaults:1 | Reached skill level 13 in Armour
 55170 | Vaults:1 | Reached skill level 13 in Shields
 55170 | Vaults:1 | Reached skill level 13 in Unarmed Combat
 55170 | Vaults:1 | Reached skill level 13 in Evocations
 55284 | Vaults:2 | Found Yteboit's Magic Scroll Emporium.
 55966 | Vaults:2 | Reached XP level 20. HP: 156/156 MP: 37/37
 56340 | Vaults:2 | Noticed Donald
 56352 | Vaults:2 | Killed Donald
 56353 | Vaults:2 | Reached skill level 14 in Ice Magic
 56431 | Vaults:2 | Noticed Xtahua
 56448 | Vaults:2 | Paralysed by Xtahua for 5 turns
 56454 | Vaults:2 | Killed Xtahua
 56776 | Vaults:2 | Reached skill level 14 in Spellcasting
 57245 | Vaults:3 | Identified Sif Muna's Guide on Translocation and Sinister
                  | Magic (Sif Muna gifted it to you on level 3 of the Vaults)
 57245 | Vaults:3 | Received a gift from Sif Muna
 57248 | Vaults:3 | You add the spells Blink, Teleport Other and Borgnjor's
                  | Revivification to your library.
 57319 | Vaults:3 | Reached skill level 14 in Dodging
 57635 | Vaults:3 | You pick up a book of Geomancy and begin reading...
 57866 | Vaults:3 | Reached skill level 14 in Stealth
 57905 | Vaults:3 | You are cast into the Abyss!
 57905 | Vaults:3 | Cast into level 2 of the Abyss (a wizard)
 57918 | Vaults:3 | You pass through the gate.
 57918 | Vaults:3 | Escaped the Abyss
 58112 | Vaults:3 | Found a staircase to the Crypt.
 59399 | Vaults:4 | Reached skill level 12 in Conjurations
 59416 | Vaults:4 | Identified Sif Muna's Papyrus of Translocation (Sif Muna
                  | gifted it to you on level 4 of the Vaults)
 59416 | Vaults:4 | Received a gift from Sif Muna
 59417 | Vaults:4 | Reached XP level 21. HP: 164/164 MP: 22/39
 59604 | Vaults:4 | HP: 51/213 [crystal guardian/crystal bolt[a peacekeeper]
                  | (15)]
 59606 | Vaults:4 | HP: 23/213 [crystal guardian/crystal bolt[a peacekeeper]
                  | (29)]
 59860 | Vaults:4 | Acquired 1297 gold pieces
 59933 | Vaults:4 | Identified the +1 robe "Exo Idou" {+Blink rC- Str-3 Slay+5}
 60204 | Vaults:4 | Reached skill level 15 in Invocations
 60231 | Vaults:4 | Reached skill level 12 in Hexes
 60231 | Vaults:4 | Reached skill level 12 in Summonings
 60231 | Vaults:4 | Reached skill level 12 in Necromancy
 60231 | Vaults:4 | Reached skill level 12 in Translocations
 60231 | Vaults:4 | Reached skill level 12 in Transmutations
 60231 | Vaults:4 | Reached skill level 12 in Fire Magic
 60231 | Vaults:4 | Reached skill level 13 in Air Magic
 60231 | Vaults:4 | Reached skill level 12 in Earth Magic
 60231 | Vaults:4 | Reached skill level 12 in Poison Magic
 60441 | Vaults:4 | Reached skill level 15 in Ice Magic
 60509 | Vaults:4 | Found Dudo's Magic Scroll Boutique.
 60514 | Vaults:4 | Bought a scroll of acquirement for 520 gold pieces
 60514 | Vaults:4 | Acquired 552 gold pieces
 60615 | Vaults:4 | Reached skill level 14 in Fighting
 60615 | Vaults:4 | Reached skill level 14 in Short Blades
 60615 | Vaults:4 | Reached skill level 14 in Long Blades
 60615 | Vaults:4 | Reached skill level 14 in Axes
 60615 | Vaults:4 | Reached skill level 14 in Maces & Flails
 60615 | Vaults:4 | Reached skill level 14 in Polearms
 60615 | Vaults:4 | Reached skill level 14 in Staves
 60615 | Vaults:4 | Reached skill level 14 in Slings
 60615 | Vaults:4 | Reached skill level 14 in Bows
 60615 | Vaults:4 | Reached skill level 14 in Crossbows
 60615 | Vaults:4 | Reached skill level 14 in Throwing
 60615 | Vaults:4 | Reached skill level 14 in Armour
 60615 | Vaults:4 | Reached skill level 14 in Shields
 60615 | Vaults:4 | Reached skill level 14 in Unarmed Combat
 60615 | Vaults:4 | Reached skill level 14 in Evocations
 60781 | Vaults:4 | Identified the +1 plate armour of the Comet {Rampage rN+
                  | Str+3}
 60832 | Vaults:4 | Received a gift from Sif Muna
 60844 | Vaults:4 | You add the spells Sting, Ignite Poison and Olgreb's Toxic
                  | Radiance to your library.
 61360 | Vaults:4 | Learned a level 7 spell: Ozocubu's Refrigeration
 61364 | Vaults:5 | Entered Level 5 of the Vaults
 61848 | Vaults:4 | Reached skill level 15 in Spellcasting
 62098 | Vaults:5 | Reached XP level 22. HP: 172/172 MP: 29/41
 62121 | Vaults:5 | Noticed a golden dragon
 62146 | Vaults:4 | Killed a golden dragon
 62146 | Vaults:4 | Identified +0 gold dragon scales
 62148 | Vaults:4 | +0 gold dragon scales {rare}; a golden dragon corpse
 62265 | Vaults:5 | Learned a level 4 spell: Dispel Undead
 62299 | Vaults:5 | Identified the +8 mace "Gemesch" {speed, rPois Dex+5}
 62545 | Vaults:5 | Reached skill level 15 in Dodging
 62883 | Vaults:5 | Noticed Margery
 62889 | Vaults:5 | Killed Margery
 63175 | Vaults:5 | Reached skill level 15 in Stealth
 63179 | Vaults:5 | Identified Sif Muna's Catalogue of Battle Magic and
                  | Changing (Sif Muna gifted it to you on level 5 of the
                  | Vaults)
 63179 | Vaults:5 | Received a gift from Sif Muna
 63262 | Vaults:5 | a yaktaur captain comes into view. It is wielding the +9
                  | sword of Zonguldrok {reap}.
 63590 | Vaults:5 | Noticed an ancient lich
 63590 | Vaults:5 | Noticed a golden dragon
 63597 | Vaults:4 | Killed a golden dragon
 63597 | Vaults:4 | Identified +0 gold dragon scales
 63762 | Vaults:5 | Identified the +6 eveningstar of the Slicing Viper {freeze,
                  | rF- Str+6 Stlth+}
 63763 | Vaults:5 | Noticed a caustic shrike
 63763 | Vaults:5 | an iron troll changed into a caustic shrike
 63765 | Vaults:5 | Noticed a golden dragon
 63765 | Vaults:5 | a caustic shrike changed into a golden dragon
 63983 | Vaults:5 | Killed a golden dragon
 63984 | Vaults:5 | Reached skill level 16 in Ice Magic
 64182 | Vaults:5 | Killed an ancient lich
 64183 | Vaults:5 | Reached skill level 16 in Invocations
 64309 | Vaults:5 | Noticed a golden dragon
 64320 | Vaults:4 | +0 gold dragon scales {rare}; a titan corpse
 64322 | Vaults:4 | +0 gold dragon scales {rare}; a titan corpse
 64538 | Vaults:5 | Killed a golden dragon
 64539 | Vaults:5 | Reached skill level 13 in Conjurations
 64548 | Vaults:5 | Reached XP level 23. HP: 180/180 MP: 32/42
 64923 | Vaults:5 | +0 shadow dragon scales {rare}; a shadow dragon corpse
 65006 | Vaults:5 | Got a silver rune of Zot
 65234 | Vaults:5 | You pick up a book of Annihilations and begin reading...
 65234 | Vaults:5 | You add the spells Absolute Zero and Fire Storm to your
                  | library.
 65260 | Vaults:5 | Found the +4 Cigotuvi's embrace {rMiasma Drain rN+}
 65414 | Vaults:5 | You pick up a book of Power and begin reading...
 65481 | Vaults:5 | You pick up a book of Conjurations and begin reading...
 65481 | Vaults:5 | You add the spells Searing Ray and Fulminant Prism to your
                  | library.
 65506 | Vaults:5 | Found Ruudwitu's Antique Armour Shop.
 65517 | Vaults:5 | Bought a masterwork plate armour for 728 gold pieces
 65517 | Vaults:5 | Identified the +1 plate armour "Tuovey" {rF+ SInv} (You
                  | bought it in a shop on level 5 of the Vaults)
 66123 | Depths:1 | Reached skill level 15 in Fighting
 66123 | Depths:1 | Reached skill level 15 in Short Blades
 66123 | Depths:1 | Reached skill level 15 in Long Blades
 66123 | Depths:1 | Reached skill level 15 in Axes
 66123 | Depths:1 | Reached skill level 15 in Maces & Flails
 66123 | Depths:1 | Reached skill level 15 in Polearms
 66123 | Depths:1 | Reached skill level 15 in Staves
 66123 | Depths:1 | Reached skill level 15 in Slings
 66123 | Depths:1 | Reached skill level 15 in Bows
 66123 | Depths:1 | Reached skill level 15 in Crossbows
 66123 | Depths:1 | Reached skill level 15 in Throwing
 66123 | Depths:1 | Reached skill level 15 in Armour
 66123 | Depths:1 | Reached skill level 15 in Shields
 66123 | Depths:1 | Reached skill level 15 in Unarmed Combat
 66123 | Depths:1 | Reached skill level 15 in Evocations
 66769 | Depths:1 | Noticed a caustic shrike
 66783 | Depths:1 | Killed a caustic shrike
 66941 | Depths:1 | Found a gateway to Hell.
 66943 | Depths:1 | Found Papter's Jewellery Boutique.
 66943 | Depths:1 | Found Ges Nuel's Book Emporium.
 66945 | Depths:1 | Found Taim's Jewellery Boutique.
 66974 | Depths:1 | Reached skill level 13 in Hexes
 66974 | Depths:1 | Reached skill level 13 in Summonings
 66974 | Depths:1 | Reached skill level 13 in Necromancy
 66974 | Depths:1 | Reached skill level 13 in Translocations
 66974 | Depths:1 | Reached skill level 13 in Transmutations
 66974 | Depths:1 | Reached skill level 13 in Fire Magic
 66974 | Depths:1 | Reached skill level 13 in Earth Magic
 66974 | Depths:1 | Reached skill level 13 in Poison Magic
 67440 | Depths:2 | Identified Sif Muna's Volume of Air (Sif Muna gifted it to
                  | you on level 2 of the Depths)
 67440 | Depths:2 | Received a gift from Sif Muna
 67491 | Depths:2 | HP: 51/235 [ice dragon/blast of cold (36)]
 67493 | Depths:2 | HP: 23/235 [ice dragon/blast of cold (29)]
 67509 | Depths:2 | HP: 41/235 [red very ugly thing (16)]
 67913 | Depths:2 | Reached skill level 14 in Air Magic
 68085 | Depths:2 | Found a one-way gate leading to the halls of Pandemonium.
 68440 | Depths:2 | Found an iron altar of Okawaru.
 68573 | Depths:2 | Identified the +1 rapier of the Unliving {distort, rElec
                  | Int+3}
 68802 | Depths:2 | Found Fugo's Antique Armour Shop.
 68811 | Depths:2 | Bought a pair of runed boots for 367 gold pieces
 69109 | Depths:3 | Found Soecwir's Magic Scroll Boutique.
 69125 | Depths:3 | Bought a scroll of acquirement for 936 gold pieces
 69125 | Depths:3 | Acquired 886 gold pieces
 69288 | Depths:3 | Reached skill level 16 in Spellcasting
 69457 | Depths:3 | Found a gateway to a ziggurat.
 69543 | Depths:3 | Found Zeinur's Antique Weapon Emporium.
 69631 | Depths:3 | You fall into a shaft and drop 2 floors!
 69631 | Depths:5 | Entered Level 5 of the Depths
 69700 | Depths:4 | Found a runed translucent door.
 69710 | Depths:4 | Reached skill level 16 in Dodging
 69710 | Depths:4 | Reached XP level 24. HP: 189/189 MP: 29/43
 69747 | Depths:4 | Found a runed translucent door.
 69939 | Depths:4 | Found the +9 scales of the Dragon King {rPois rF+ rC+
                  | Will+}
 69951 | Depths:4 | Reached skill level 17 in Ice Magic
 70030 | Depths:4 | Found a runed translucent door.
 70033 | Depths:4 | Found a runed translucent door.
 70054 | Depths:4 | Identified the +0 scale mail of Amelioration {Int+6 Dex+3}
 70070 | Depths:4 | Identified the +2 robe of Oronich {Regen+ Dex+3}
 70084 | Depths:4 | You pick up a book of Frost and begin reading...
 70084 | Depths:4 | You add the spells Frozen Ramparts, Ozocubu's Armour and
                  | Hailstorm to your library.
 70094 | Depths:4 | Identified the Volume of Vitriolic Fire
 70139 | Depths:3 | Reached skill level 16 in Stealth
 70433 | Depths:3 | Identified Sif Muna's Guide on Stolen Souls and the Escort
                  | (Sif Muna gifted it to you on level 3 of the Depths)
 70433 | Depths:3 | Received a gift from Sif Muna
 70436 | Depths:3 | You add the spells Shadow Creatures and Death's Door to
                  | your library.
 71287 | Depths:4 | Paralysed by a vampire knight for 5 turns
 71777 | Depths:4 | Paralysed by a great orb of eyes for 6 turns
 71789 | Depths:4 | Reached skill level 16 in Short Blades
 71812 | Depths:4 | Reached skill level 17 in Invocations
 72887 | Depths:5 | Found a sparkling altar of Nemelex Xobeh.
 72909 | Depths:5 | Found a shadowy altar of Dithmenos.
 72915 | Depths:5 | Reached skill level 16 in Fighting
 72915 | Depths:5 | Reached skill level 16 in Long Blades
 72915 | Depths:5 | Reached skill level 16 in Axes
 72915 | Depths:5 | Reached skill level 16 in Maces & Flails
 72915 | Depths:5 | Reached skill level 16 in Polearms
 72915 | Depths:5 | Reached skill level 16 in Staves
 72915 | Depths:5 | Reached skill level 16 in Slings
 72915 | Depths:5 | Reached skill level 16 in Bows
 72915 | Depths:5 | Reached skill level 16 in Crossbows
 72915 | Depths:5 | Reached skill level 16 in Throwing
 72915 | Depths:5 | Reached skill level 16 in Armour
 72915 | Depths:5 | Reached skill level 16 in Shields
 72915 | Depths:5 | Reached skill level 16 in Unarmed Combat
 72915 | Depths:5 | Reached skill level 16 in Evocations
 73103 | Depths:5 | Identified Sif Muna's Collected Works on Summoning (Sif
                  | Muna gifted it to you on level 5 of the Depths)
 73103 | Depths:5 | Received a gift from Sif Muna
 73123 | Depths:5 | Reached XP level 25. HP: 167/197 MP: 7/43
 73147 | Depths:5 | Reached skill level 14 in Conjurations
 73284 | Depths:5 | You add the spells Summon Mana Viper and Monstrous
                  | Menagerie to your library.
 73555 | Depths:5 | Found Yjurib's Antique Armour Emporium.
 73557 | Depths:5 | Noticed a caustic shrike
 73557 | Depths:5 | Noticed a caustic shrike
 73558 | Depths:5 | Noticed a caustic shrike
 73560 | Depths:5 | Noticed a caustic shrike
 73563 | Depths:5 | Noticed a caustic shrike
 73565 | Depths:5 | Killed a caustic shrike
 73565 | Depths:5 | Killed a caustic shrike
 73565 | Depths:5 | Killed a caustic shrike
 73570 | Depths:5 | Killed a caustic shrike
 73584 | Depths:5 | Killed a caustic shrike
 73585 | Depths:5 | Reached skill level 14 in Hexes
 73585 | Depths:5 | Reached skill level 14 in Summonings
 73585 | Depths:5 | Reached skill level 14 in Necromancy
 73585 | Depths:5 | Reached skill level 14 in Translocations
 73585 | Depths:5 | Reached skill level 14 in Transmutations
 73585 | Depths:5 | Reached skill level 14 in Fire Magic
 73585 | Depths:5 | Reached skill level 14 in Earth Magic
 73585 | Depths:5 | Reached skill level 14 in Poison Magic
 73792 | Depths:5 | Found a gate to the Realm of Zot.
 74687 | Swamp:2  | Learned a level 7 spell: Monstrous Menagerie
 74696 | Swamp:2  | Learned a level 8 spell: Chain Lightning
 74851 | Elf:1    | Entered Level 1 of the Elven Halls
 74937 | Elf:1    | Noticed Frances
 74948 | Elf:1    | Killed Frances
 75128 | Elf:1    | You pick up a book of Fire and begin reading...
 75128 | Elf:1    | You add the spells Fireball, Starburst and Ignition to your
                  | library.
 75182 | Elf:1    | Reached skill level 17 in Short Blades
 75300 | Elf:1    | Identified the Incunabulum of the Entourage
 75301 | Elf:1    | You add the spells Summon Small Mammal, Call Imp, Summon
                  | Guardian Golem, Call Canine Familiar and Malign Gateway to
                  | your library.
 75731 | Elf:2    | Found Vaeladuf's Distillery.
 75733 | Elf:2    | Found Pogronui's Assorted Antiques.
 75733 | Elf:2    | Found Eromai's Book Shoppe.
 75738 | Elf:2    | Bought a potion of heal wounds for 75 gold pieces
 75738 | Elf:2    | Bought a potion of heal wounds for 75 gold pieces
 75738 | Elf:2    | Bought a potion of berserk rage for 75 gold pieces
 75738 | Elf:2    | Bought 2 potions of haste for 300 gold pieces
 75738 | Elf:2    | Found Waeboun's Antique Weapon Emporium.
 75745 | Elf:2    | Bought a ripped robe for 245 gold pieces
 75745 | Elf:2    | Identified the +0 robe "Plog" {Str+6} (You bought it in a
                  | shop on level 2 of the Elven Halls)
 75770 | Elf:2    | Found a runed translucent gate.
 75770 | Elf:2    | Found a runed translucent gate.
 75771 | Elf:2    | Found a runed translucent gate.
 75851 | Elf:2    | Reached skill level 18 in Ice Magic
 75904 | Elf:2    | Found Nuokh's General Store.
 75916 | Elf:2    | Identified the +1 shadow dragon scales of Tomorrow {rC-
                  | Will++ Str+4 Int+4 Stlth++++}
 76084 | Elf:2    | You pick up a book of Annihilations and begin reading...
 76093 | Elf:2    | Found an ancient bone altar of Kikubaaqudgha.
 76261 | Elf:2    | Identified Sif Muna's Tome of Sinister Magic and the Voyage
                  | (Sif Muna gifted it to you on level 2 of the Elven Halls)
 76261 | Elf:2    | Received a gift from Sif Muna
 76453 | Elf:2    | Reached skill level 17 in Spellcasting
 76567 | Elf:2    | Noticed Saint Roka
 76586 | Elf:2    | Killed Saint Roka
 76587 | Elf:2    | Reached skill level 15 in Air Magic
 76587 | Elf:2    | HP: 52/258 [+2 bardiche of venom (16)]
 76594 | Elf:2    | HP: 25/199 [deep elf knight/shard of ice (7)]
 76630 | Elf:2    | HP: 49/199 [+1 vorpal trident (2)]
 77069 | Elf:3    | Entered Level 3 of the Elven Halls
 77089 | Elf:3    | Found Ygor's Distillery.
 77091 | Elf:3    | Bought a potion of mutation for 120 gold pieces
 77091 | Elf:3    | Bought a potion of heal wounds for 75 gold pieces
 77091 | Elf:3    | Bought a potion of cancellation for 120 gold pieces
 77091 | Elf:3    | Bought a potion of heal wounds for 75 gold pieces
 77091 | Elf:3    | Bought a potion of magic for 120 gold pieces
 77279 | Elf:3    | You pick up a book of Maledictions and begin reading...
 77279 | Elf:3    | You add the spells Corona, Ensorcelled Hibernation and
                  | Tukima's Dance to your library.
 77679 | Elf:3    | Reached skill level 17 in Dodging
 77700 | Elf:3    | You are cast into the Abyss!
 77700 | Elf:3    | Cast into level 3 of the Abyss (a deep elf sorcerer)
 77700 | Abyss:3  | Found a corrupted altar of Lugonu.
 77901 | Abyss:3  | Got an abyssal rune of Zot
 77936 | Elf:3    | You pass through the gate.
 77936 | Elf:3    | Escaped the Abyss
 77947 | Elf:3    | Identified Aseos's Incunabulum of Transmutation (Sif Muna
                  | gifted it to you on level 3 of the Elven Halls)
 77947 | Elf:3    | Received a gift from Sif Muna
 78034 | Elf:3    | Identified the ring "Gepisuusoc" {Fly rPois rC++ Will- MP-9
                  | Dex+6}
 78164 | Elf:3    | Reached skill level 17 in Stealth
 78164 | Elf:3    | Identified the +8 scimitar of Redox {flame, Str+2 Int+4
                  | Dex+2}
 78216 | Elf:3    | Identified the +4 great sword of the Enemy {freeze, rCorr}
 78234 | Elf:3    | Reached XP level 26. HP: 206/206 MP: 17/44
 78377 | Elf:3    | You are cast into the Abyss!
 78377 | Elf:3    | Cast into level 2 of the Abyss (a deep elf demonologist)
 78474 | Elf:3    | You pass through the gate.
 78474 | Elf:3    | Escaped the Abyss
 78543 | Elf:3    | Identified the ring of Fuqaycoo {Fire rPois}
 78588 | Elf:3    | Reached skill level 18 in Invocations
 78730 | Elf:3    | You pick up a book of Burglary and begin reading...
 78755 | Elf:3    | Identified Opputytt's Papyrus of the Ashen Voyage
 78798 | Elf:3    | You pick up a book of Maledictions and begin reading...
 78946 | Elf:3    | Found a portal to a secret trove of treasure.
 78970 | Elf:3    | This trove needs 15 scrolls of teleportation to function.
                  | Give it the items?
 79002 | Elf:3    | This trove needs 15 scrolls of teleportation to function.
                  | Give it the items?
 79002 | Elf:3    | You paid a toll of 15 scrolls of teleportation to enter a
                  | treasure trove
 79003 | Trove    | Entered a treasure trove
 79009 | Trove    | Found the +10 tower shield of Ignorance {rN+ Int-4}
 79010 | Trove    | Identified the ring of Mujiruba {+Blink Will+ Int-4 SInv}
 79025 | Trove    | Identified the Papyrus of Toxic Fire
 79566 | Slime:1  | Entered Level 1 of the Pits of Slime
 80111 | Slime:3  | Found a shimmering altar of Xom.
 80325 | Slime:5  | Entered Level 5 of the Pits of Slime
 80334 | Slime:5  | Reached skill level 18 in Short Blades
 80599 | Slime:5  | Identified Sif Muna's Tome of Snow and Feathers (Sif Muna
                  | gifted it to you on level 5 of the Pits of Slime)
 80599 | Slime:5  | Received a gift from Sif Muna
 80719 | Slime:5  | HP: 65/269 [azure jelly (6)]
 80724 | Slime:4  | HP: 32/269 [azure jelly (7)]
 80938 | Slime:5  | Noticed the Royal Jelly
 80946 | Slime:5  | Killed the Royal Jelly
 80947 | Slime:5  | Reached skill level 17 in Fighting
 80947 | Slime:5  | Reached skill level 17 in Long Blades
 80947 | Slime:5  | Reached skill level 17 in Axes
 80947 | Slime:5  | Reached skill level 17 in Maces & Flails
 80947 | Slime:5  | Reached skill level 17 in Polearms
 80947 | Slime:5  | Reached skill level 17 in Staves
 80947 | Slime:5  | Reached skill level 17 in Slings
 80947 | Slime:5  | Reached skill level 17 in Bows
 80947 | Slime:5  | Reached skill level 17 in Crossbows
 80947 | Slime:5  | Reached skill level 17 in Throwing
 80947 | Slime:5  | Reached skill level 17 in Armour
 80947 | Slime:5  | Reached skill level 17 in Shields
 80947 | Slime:5  | Reached skill level 17 in Unarmed Combat
 80947 | Slime:5  | Reached skill level 17 in Evocations
 81242 | Slime:5  | You add the spells Ice Form and Summon Ice Beast to your
                  | library.
 81278 | Slime:5  | Found the +2 ratskin cloak {*Rats rPois rN+ Str-1 Int-1
                  | Dex+1}
 81371 | Slime:5  | Identified the -7 pair of boots "Omari" {rC+ Will+}
 81372 | Slime:5  | Identified the +8 glaive of Jithru Mizid {spect, +Rage rC-
                  | Str-4 Int+8}
 81375 | Slime:5  | Identified the +8 fustibalus of Annoyance {venom, Drain
                  | Str+7}
 81376 | Slime:5  | Identified the +1 cloak of the Were-rabbit {rF+ Dex+4}
 81421 | Slime:5  | Identified the +3 rapier of Etru {flame, Will+ Stlth+}
 81435 | Slime:5  | Identified the +7 shortbow "Beastslayer" {speed, rElec
                  | Stlth+}
 81455 | Slime:5  | Got a slimy rune of Zot
 82715 | Slime:2  | Reached ****** piety under Sif Muna
 83343 | Crypt:1  | Entered Level 1 of the Crypt
 83376 | Crypt:1  | Received a gift from Sif Muna
 83379 | Crypt:1  | You pick up a book of Debilitation and begin reading...
 83379 | Crypt:1  | You add the spells Slow and Inner Flame to your library.
 83508 | Crypt:1  | You pick up a book of Summonings and begin reading...
 83542 | Crypt:1  | Noticed Mara
 83544 | Crypt:1  | Noticed spiderkeys's illusion
 83556 | Crypt:1  | Killed Mara
 83557 | Crypt:1  | Reached skill level 19 in Ice Magic
 83798 | Crypt:1  | Noticed a curse skull
 83810 | Crypt:1  | Killed a curse skull
 83976 | Crypt:1  | Noticed an ancient lich
 83982 | Crypt:1  | Reached skill level 15 in Conjurations
 83982 | Crypt:1  | Reached XP level 27. HP: 215/215 MP: 11/44
 83988 | Crypt:1  | Killed an ancient lich
 84143 | Crypt:1  | Noticed a curse skull
 84187 | Crypt:1  | Killed a curse skull
 84422 | Crypt:1  | Noticed a dread lich
 84431 | Crypt:1  | Killed a dread lich
 84456 | Crypt:1  | Reached skill level 15 in Hexes
 84456 | Crypt:1  | Reached skill level 15 in Summonings
 84456 | Crypt:1  | Reached skill level 15 in Necromancy
 84456 | Crypt:1  | Reached skill level 15 in Translocations
 84456 | Crypt:1  | Reached skill level 15 in Transmutations
 84456 | Crypt:1  | Reached skill level 15 in Fire Magic
 84456 | Crypt:1  | Reached skill level 15 in Earth Magic
 84456 | Crypt:1  | Reached skill level 15 in Poison Magic
 84658 | Crypt:1  | Reached skill level 19 in Short Blades
 84870 | Crypt:1  | Noticed Mennas
 84969 | Crypt:1  | Killed Mennas
 85149 | Crypt:2  | Reached skill level 18 in Spellcasting
 85412 | Crypt:2  | Noticed a curse skull
 85423 | Crypt:2  | Killed a curse skull
 85550 | Crypt:2  | Identified Sif Muna's Grimoire of Harmful Transmutation
                  | (Sif Muna gifted it to you on level 2 of the Crypt)
 85550 | Crypt:2  | Received a gift from Sif Muna
 85568 | Crypt:2  | Reached skill level 18 in Dodging
 85765 | Crypt:2  | Noticed Houmnergh's ghost (master GnTm)
 85768 | Crypt:2  | Found a runed translucent gate.
 85768 | Crypt:2  | Found a runed translucent gate.
 85768 | Crypt:2  | Found a runed translucent gate.
 85798 | Crypt:2  | Killed Houmnergh's ghost
 86032 | Crypt:3  | Entered Level 3 of the Crypt
 86122 | Crypt:3  | Identified the +6 double sword "Xull" {protect, rElec Dex+2
                  | SInv}
 86195 | Crypt:3  | Reached skill level 18 in Stealth
 86241 | Crypt:3  | Found an ancient bone altar of Kikubaaqudgha.
 86464 | Crypt:3  | Reached skill level 19 in Invocations
 86473 | Crypt:3  | Noticed Frederick
 86477 | Crypt:3  | Killed Frederick
 86732 | Crypt:3  | Noticed an ancient lich
 86732 | Crypt:3  | Noticed a dread lich
 86736 | Crypt:3  | Killed an ancient lich
 86737 | Crypt:3  | Reached skill level 16 in Air Magic
 86739 | Crypt:3  | Killed a dread lich
 86800 | Crypt:3  | Identified the +2 scale mail of Pleasant Breezes {rElec
                  | rCorr MP-9}
 87416 | Crypt:3  | Identified Sif Muna's Volume of Supportive Black Secrets
                  | (Sif Muna gifted it to you on level 3 of the Crypt)
 87416 | Crypt:3  | Received a gift from Sif Muna
 87448 | Crypt:3  | Found a staircase to the Tomb.
 87751 | Crypt:3  | Noticed Khufu
 87757 | Crypt:3  | Noticed a royal mummy
 87767 | Crypt:3  | Killed Khufu
 87772 | Crypt:3  | Killed a royal mummy
 88106 | Crypt:3  | Identified the Papyrus of Dark Rites
 88264 | Crypt:3  | Noticed a curse skull
 88270 | Crypt:3  | Killed a curse skull
 88429 | Crypt:3  | Noticed a curse skull
 88435 | Crypt:3  | Killed a curse skull
 88505 | Crypt:3  | Identified the ring "Kabinen" {rPois rC- rN+ Int+4}
 88508 | Crypt:3  | Identified the +6 spear "Hinyil" {vorpal, rPois Will+
                  | Dex+2}
 88970 | Depths:1 | Bought the amulet "Ziytid" {Reflect rPois Int+2 SH+5} for
                  | 862 gold pieces
 89288 | Zig:1    | Entered Level 1 of a ziggurat
 89288 | Zig:1    | Noticed a caustic shrike
 89304 | Zig:1    | Killed a caustic shrike
 89319 | Zig:2    | Entered Level 2 of a ziggurat
 89337 | Zig:2    | Reached skill level 18 in Fighting
 89337 | Zig:2    | Reached skill level 18 in Long Blades
 89337 | Zig:2    | Reached skill level 18 in Axes
 89337 | Zig:2    | Reached skill level 18 in Maces & Flails
 89337 | Zig:2    | Reached skill level 18 in Polearms
 89337 | Zig:2    | Reached skill level 18 in Staves
 89337 | Zig:2    | Reached skill level 18 in Slings
 89337 | Zig:2    | Reached skill level 18 in Bows
 89337 | Zig:2    | Reached skill level 18 in Crossbows
 89337 | Zig:2    | Reached skill level 18 in Throwing
 89337 | Zig:2    | Reached skill level 18 in Armour
 89337 | Zig:2    | Reached skill level 18 in Shields
 89337 | Zig:2    | Reached skill level 18 in Unarmed Combat
 89337 | Zig:2    | Reached skill level 18 in Evocations
 89342 | Zig:2    | Acquired a manual of Invocations
 89351 | Zig:3    | Entered Level 3 of a ziggurat
 89361 | Zig:3    | Reached skill level 20 in Short Blades
 89412 | Zig:3    | Identified the +7 halberd of Ginoiss {venom, rCorr Int-5
                  | Stlth+}
 89421 | Zig:4    | Entered Level 4 of a ziggurat
 89462 | Zig:4    | Reached skill level 20 in Ice Magic
 89539 | Zig:4    | Identified the +8 triple crossbow "Motzuf" {flame, rC++
                  | Str+6}
 89551 | Zig:5    | Entered Level 5 of a ziggurat
 89972 | Zig:6    | Entered Level 6 of a ziggurat
 90050 | Zig:6    | You pick up a book of Burglary and begin reading...
 90051 | Zig:6    | Identified the +5 arbalest of Kusug {penet, rElec Int+3
                  | Dex+4}
 90057 | Zig:6    | You pick up a book of Maledictions and begin reading...
 90064 | Zig:7    | Entered Level 7 of a ziggurat
 90070 | Zig:7    | Noticed a curse skull
 90077 | Zig:7    | Killed a curse skull
 90172 | Zig:7    | Identified the +6 hand crossbow of Evolution {vorpal, rC+
                  | Int+4 Dex-5}
 90173 | Zig:7    | Identified the amulet "Ahydypp" {Acrobat Contam Will++
                  | Regen+ Int+3}
 90178 | Zig:7    | Identified the +6 scythe of Punishment {vamp, rCorr Int+9
                  | Dex-2 Stlth+}
 90195 | Zig:8    | Entered Level 8 of a ziggurat
 90203 | Zig:8    | Noticed Zimp the pandemonium lord
 90210 | Zig:8    | Killed Zimp the pandemonium lord
 90421 | Zig:8    | Identified the +1 scale mail of Privacy {rC- Int+6}
 90433 | Zig:8    | Identified the +5 trident of Cheese {chaos, Str+2}
 90447 | Zig:9    | Entered Level 9 of a ziggurat
 90481 | Zig:9    | Identified +0 gold dragon scales
 90543 | Zig:9    | +0 storm dragon scales {rare}; a storm dragon corpse
 90544 | Zig:9    | +0 gold dragon scales {rare}; a golden dragon corpse
 90560 | Zig:9    | You pick up a book of Flames and begin reading...
 90563 | Zig:9    | Identified the +5 chain mail of Surprise {rCorr Int+3}
 90578 | Zig:10   | Entered Level 10 of a ziggurat
 90585 | Zig:10   | Noticed Leud the pandemonium lord
 90592 | Zig:10   | Killed Leud the pandemonium lord
 90593 | Zig:10   | Reached skill level 20 in Invocations
 90708 | Zig:10   | Identified the Incunabulum of Congealing Clay
 90710 | Zig:10   | Identified the Compendium of the Zebra
 90715 | Zig:10   | You pick up a book of Callings and begin reading...
 90734 | Zig:11   | Entered Level 11 of a ziggurat
 90739 | Zig:11   | Noticed a curse skull
 90739 | Zig:11   | Noticed a curse skull
 90744 | Zig:11   | Killed a curse skull
 90744 | Zig:11   | Killed a curse skull
 90744 | Zig:11   | Noticed a curse skull
 90744 | Zig:11   | Noticed a dread lich
 90748 | Zig:11   | Killed a curse skull
 90752 | Zig:11   | Paralysed by a dread lich for 2 turns
 90756 | Zig:11   | HP: 69/282 [ancient champion/+3 vorpal great mace (4)]
 90757 | Zig:11   | Reached skill level 19 in Dodging
 90758 | Zig:11   | Reached skill level 16 in Conjurations
 90759 | Zig:11   | Killed a dread lich
 90877 | Zig:12   | Entered Level 12 of a ziggurat
 91047 | Zig:12   | Identified the +5 hunting sling of the Spectre {venom,
                  | rElec Will+ Str-4}
 91048 | Zig:12   | Identified Inkaojig's Guide on Hexes and the Voyage
 91051 | Zig:12   | Identified the ring "Pameown" {rC++ rN+}
 91052 | Zig:12   | Identified the +3 morningstar of Dishonour {elec, rF+
                  | Int+6}
 91053 | Zig:12   | Identified the +0 buckler "Wav Non" {rF- rCorr Slay-3 SInv}
 91054 | Zig:12   | Identified Wyngosa's Collected Works on Transformation and
                  | Fire
 91057 | Zig:12   | You pick up a book of Unlife and begin reading...
 91107 | Zig:13   | Entered Level 13 of a ziggurat
 91117 | Zig:13   | Noticed Cayruc the pandemonium lord
 91122 | Zig:13   | HP: 47/219 [cyan very ugly thing (19)]
 91125 | Zig:13   | HP: 7/219 [Cayruc the pandemonium lord/iron shot (56)]
 91499 | Zot:1    | Entered Level 1 of the Realm of Zot
 91513 | Zot:1    | Reached skill level 19 in Spellcasting
 91540 | Zot:1    | Noticed an electric golem
 91594 | Zot:1    | Killed an electric golem
 91595 | Zot:1    | Reached skill level 16 in Hexes
 91595 | Zot:1    | Reached skill level 16 in Summonings
 91595 | Zot:1    | Reached skill level 16 in Necromancy
 91595 | Zot:1    | Reached skill level 16 in Translocations
 91595 | Zot:1    | Reached skill level 16 in Transmutations
 91595 | Zot:1    | Reached skill level 16 in Fire Magic
 91595 | Zot:1    | Reached skill level 16 in Earth Magic
 91595 | Zot:1    | Reached skill level 16 in Poison Magic
 91698 | Zot:1    | Learned a level 9 spell: Absolute Zero
 91792 | Zot:1    | Noticed an electric golem
 91799 | Zot:1    | Killed an electric golem
 91983 | Zot:1    | Reached skill level 19 in Polearms
 92032 | Zot:1    | Reached skill level 21 in Short Blades
 92259 | Zot:1    | Reached skill level 19 in Stealth
 92968 | Zot:2    | +0 shadow dragon scales {rare}; a shadow dragon corpse
 93012 | Zot:2    | +0 storm dragon scales {rare}; a storm dragon corpse
 93032 | Zot:2    | Gained mutation: You are very agile. (Dex +4) [mutagenic
                  | glow]
 93056 | Zot:2    | Gained mutation: Armour fits poorly on your strangely
                  | shaped body. [mutagenic glow]
 93065 | Zot:2    | Lost mutation: Armour fits poorly on your strangely shaped
                  | body. [potion of mutation]
 93065 | Zot:2    | Lost mutation: Your mind is acute. (Int +2) [potion of
                  | mutation]
 93065 | Zot:2    | Gained mutation: Your body sometimes deteriorates upon
                  | taking damage. [potion of mutation]
 93066 | Zot:2    | Lost mutation: Your body sometimes deteriorates upon taking
                  | damage. [potion of mutation]
 93066 | Zot:2    | Gained mutation: You are partially covered in iridescent
                  | scales. (AC +2) [potion of mutation]
 93066 | Zot:2    | Gained mutation: You have supernaturally acute eyesight.
                  | (SInv) [potion of mutation]
 93067 | Zot:2    | Lost mutation: You are partially covered in iridescent
                  | scales. (AC +2) [potion of mutation]
 93067 | Zot:2    | Lost mutation: You are very agile. (Dex +4) [potion of
                  | mutation]
 93067 | Zot:2    | Gained mutation: Your spells are a little easier to cast,
                  | but a little less powerful. [potion of mutation]
 93068 | Zot:2    | Lost mutation: Your spells are a little easier to cast, but
                  | a little less powerful. [potion of mutation]
 93068 | Zot:2    | Lost mutation: You are agile. (Dex +2) [potion of mutation]
 93068 | Zot:2    | Gained mutation: Your flesh is heat resistant. (rF+)
                  | [potion of mutation]
 93069 | Zot:2    | Lost mutation: Your flesh is heat resistant. (rF+) [potion
                  | of mutation]
 93069 | Zot:2    | Gained mutation: You expend magic power (3 MP) to
                  | strengthen your wands. [potion of mutation]
 93069 | Zot:2    | Gained mutation: Your flesh is heat resistant. (rF+)
                  | [potion of mutation]
 93070 | Zot:2    | Lost mutation: Your flesh is heat resistant. (rF+) [potion
                  | of mutation]
 93070 | Zot:2    | Lost mutation: You expend magic power (3 MP) to strengthen
                  | your wands. [potion of mutation]
 93070 | Zot:2    | Gained mutation: You expend magic power (3 MP) to
                  | strengthen your wands. [potion of mutation]
 93070 | Zot:2    | Gained mutation: You are agile. (Dex +2) [potion of
                  | mutation]
 93071 | Zot:2    | Lost mutation: You expend magic power (3 MP) to strengthen
                  | your wands. [potion of mutation]
 93071 | Zot:2    | Lost mutation: You have supernaturally acute eyesight.
                  | (SInv) [potion of mutation]
 93071 | Zot:2    | Gained mutation: You are weak. (Str -2) [potion of
                  | mutation]
 93072 | Zot:2    | Lost mutation: You are weak. (Str -2) [potion of mutation]
 93072 | Zot:2    | Lost mutation: You are agile. (Dex +2) [potion of mutation]
 93072 | Zot:2    | Gained mutation: Your spells are a little easier to cast,
                  | but a little less powerful. [potion of mutation]
 93072 | Zot:2    | Gained mutation: You are agile. (Dex +2) [potion of
                  | mutation]
 93073 | Zot:2    | Lost mutation: Your spells are a little easier to cast, but
                  | a little less powerful. [potion of mutation]
 93073 | Zot:2    | Lost mutation: You are agile. (Dex +2) [potion of mutation]
 93073 | Zot:2    | Gained mutation: Your muscles are strong. (Str +2) [potion
                  | of mutation]
 93073 | Zot:2    | Gained mutation: You are frail. (-10% HP) [potion of
                  | mutation]
 93256 | Zot:2    | Reached skill level 21 in Invocations
 93772 | Zot:2    | +0 shadow dragon scales {rare}; a shadow dragon corpse
 93805 | Zot:2    | Noticed an orb of fire
 93808 | Zot:2    | Gained mutation: You expend magic power (3 MP) to
                  | strengthen your wands. [an orb of fire]
 93810 | Zot:2    | Reached skill level 17 in Air Magic
 93815 | Zot:2    | Killed an orb of fire
 94010 | Zot:2    | Reached skill level 20 in Dodging
 94287 | Zot:3    | Reached skill level 19 in Fighting
 94287 | Zot:3    | Reached skill level 19 in Long Blades
 94287 | Zot:3    | Reached skill level 19 in Axes
 94287 | Zot:3    | Reached skill level 19 in Maces & Flails
 94287 | Zot:3    | Reached skill level 19 in Staves
 94287 | Zot:3    | Reached skill level 19 in Slings
 94287 | Zot:3    | Reached skill level 19 in Bows
 94287 | Zot:3    | Reached skill level 19 in Crossbows
 94287 | Zot:3    | Reached skill level 19 in Throwing
 94287 | Zot:3    | Reached skill level 19 in Armour
 94287 | Zot:3    | Reached skill level 19 in Shields
 94287 | Zot:3    | Reached skill level 19 in Unarmed Combat
 94287 | Zot:3    | Reached skill level 19 in Evocations
 94287 | Zot:3    | You fall into a shaft and drop 1 floor!
 94292 | Zot:4    | Identified the +10 plate armour "Neteinlu" {rN+}
 94981 | Zot:4    | Identified +0 gold dragon scales
 95119 | Zot:4    | +0 gold dragon scales {rare}; a golden dragon corpse
 95174 | Zot:4    | +0 gold dragon scales {rare}; a golden dragon skeleton
 95355 | Zot:4    | Identified the +6 scythe of Articulation {holy, rCorr Str+5
                  | Dex-2}
 95493 | Zot:4    | You pick up a book of Unlife and begin reading...
 95774 | Zot:4    | Reached skill level 20 in Polearms
 96110 | Zot:5    | Entered Level 5 of the Realm of Zot
 96212 | Zot:5    | Found a shadowy altar of Dithmenos.
 96340 | Zot:5    | Found a large runed translucent door.
 96340 | Zot:5    | Found a large runed translucent door.
 96343 | Zot:5    | Noticed Qahukag's ghost (master SpEn)
 96351 | Zot:5    | Killed Qahukag's ghost
 96502 | Zot:5    | Reached skill level 22 in Short Blades
 96704 | Zot:5    | Noticed a dread lich
 96714 | Zot:5    | Paralysed by a dread lich for 5 turns
 96721 | Zot:5    | Killed a dread lich
 96856 | Zot:5    | Noticed an orb of fire
 96860 | Zot:5    | Noticed an electric golem
 96862 | Zot:5    | Reached skill level 22 in Invocations
 96862 | Zot:5    | Killed an orb of fire
 96869 | Zot:5    | Killed an electric golem
 96869 | Zot:5    | Noticed an orb of fire
 96874 | Zot:5    | Killed an orb of fire
 96998 | Zot:5    | +0 shadow dragon scales {rare}; a shadow dragon corpse
 97025 | Zot:5    | Reached skill level 21 in Dodging
 97026 | Zot:5    | Reached skill level 17 in Conjurations
 97030 | Zot:5    | Noticed an orb of fire
 97038 | Zot:5    | Reached skill level 20 in Spellcasting
 97041 | Zot:5    | Killed an orb of fire
 97043 | Zot:5    | Noticed an ancient lich
 97052 | Zot:5    | Reached skill level 17 in Hexes
 97052 | Zot:5    | Reached skill level 17 in Summonings
 97052 | Zot:5    | Reached skill level 17 in Necromancy
 97052 | Zot:5    | Reached skill level 17 in Translocations
 97052 | Zot:5    | Reached skill level 17 in Transmutations
 97052 | Zot:5    | Reached skill level 17 in Fire Magic
 97052 | Zot:5    | Reached skill level 17 in Earth Magic
 97052 | Zot:5    | Reached skill level 17 in Poison Magic
 97053 | Zot:5    | Killed an ancient lich
 97053 | Zot:5    | HP: 49/258 [Killer Klown/+11 club of freezing (28)]
 97054 | Zot:5    | Reached skill level 21 in Ice Magic
 97060 | Zot:5    | Reached skill level 21 in Polearms
 97060 | Zot:5    | Reached skill level 20 in Stealth
 97061 | Zot:5    | HP: 46/260 [Orb Guardian (5)]
 97105 | Zot:5    | Noticed a curse toe
 97112 | Zot:5    | HP: 64/260 [??? (17)]
 97113 | Zot:5    | Killed a curse toe
 97258 | Zot:5    | Noticed an electric golem
 97298 | Zot:5    | Killed an electric golem
 97404 | Zot:5    | Noticed a dread lich
 97409 | Zot:5    | Noticed a curse toe
 97416 | Zot:5    | Killed a dread lich
 97420 | Zot:5    | Killed a curse toe
 97567 | Zot:5    | Upgraded the game from 0.27-a0-1191-g601b473118 to
                  | 0.27-a0-1193-g8631133539
 97567 | Zot:5    | magus.rc [v1.9.10]
 97727 | Hell     | Entered the Vestibule of Hell
 97727 | Hell     | Noticed Geryon
 97737 | Hell     | Killed Geryon
 97746 | Depths:5 | Reached skill level 23 in Invocations
 97751 | Depths:5 | Reached skill level 23 in Short Blades
 98389 | Hell     | Reached skill level 20 in Fighting
 98389 | Hell     | Reached skill level 20 in Long Blades
 98389 | Hell     | Reached skill level 20 in Axes
 98389 | Hell     | Reached skill level 20 in Maces & Flails
 98389 | Hell     | Reached skill level 20 in Staves
 98389 | Hell     | Reached skill level 20 in Slings
 98389 | Hell     | Reached skill level 20 in Bows
 98389 | Hell     | Reached skill level 20 in Crossbows
 98389 | Hell     | Reached skill level 20 in Throwing
 98389 | Hell     | Reached skill level 20 in Armour
 98389 | Hell     | Reached skill level 20 in Shields
 98389 | Hell     | Reached skill level 20 in Unarmed Combat
 98389 | Hell     | Reached skill level 20 in Evocations
 98675 | Hell     | Found a gateway to the decaying netherworld of Tartarus.
 98757 | Hell     | Found a gateway to the freezing wastes of Cocytus.
 98847 | Hell     | Found a gateway to the Iron City of Dis.
 98957 | Hell     | Found a gateway to the ashen valley of Gehenna.
 99143 | Hell     | Learned a level 8 spell: Necromutation
 99150 | Hell     | Learned a level 6 spell: Iron Shot
 99165 | Coc:1    | Entered Level 1 of Cocytus
 99178 | Coc:1    | Reached skill level 18 in Air Magic
 99296 | Coc:1    | Reached skill level 22 in Dodging
100916 | Coc:2    | Reached skill level 22 in Polearms
102042 | Coc:2    | Reached skill level 24 in Invocations
102638 | Coc:3    | Reached skill level 24 in Short Blades
103370 | Coc:3    | Reached skill level 21 in Spellcasting
103505 | Coc:3    | Reached skill level 18 in Conjurations
103993 | Coc:5    | Reached skill level 23 in Dodging
104292 | Coc:6    | Reached skill level 21 in Stealth
104292 | Coc:6    | Reached skill level 18 in Hexes
104292 | Coc:6    | Reached skill level 18 in Summonings
104292 | Coc:6    | Reached skill level 18 in Necromancy
104292 | Coc:6    | Reached skill level 18 in Translocations
104292 | Coc:6    | Reached skill level 18 in Transmutations
104292 | Coc:6    | Reached skill level 18 in Fire Magic
104292 | Coc:6    | Reached skill level 18 in Earth Magic
104292 | Coc:6    | Reached skill level 18 in Poison Magic
104660 | Coc:7    | Entered Level 7 of Cocytus
104905 | Coc:7    | Reached skill level 23 in Polearms
105118 | Coc:7    | Noticed Antaeus
105131 | Coc:7    | Killed Antaeus
105236 | Coc:7    | Identified the amulet of Uskayaw's Castigation {RegenMP
                  | Regen+ Int+4}
105237 | Coc:7    | Identified the amulet "Totauff" {Acrobat Rampage}
105242 | Coc:7    | Got an icy rune of Zot
105476 | Coc:7    | Reached skill level 25 in Invocations
105548 | Coc:7    | Reached skill level 21 in Fighting
105548 | Coc:7    | Reached skill level 21 in Long Blades
105548 | Coc:7    | Reached skill level 21 in Axes
105548 | Coc:7    | Reached skill level 21 in Maces & Flails
105548 | Coc:7    | Reached skill level 21 in Staves
105548 | Coc:7    | Reached skill level 21 in Slings
105548 | Coc:7    | Reached skill level 21 in Bows
105548 | Coc:7    | Reached skill level 21 in Crossbows
105548 | Coc:7    | Reached skill level 21 in Throwing
105548 | Coc:7    | Reached skill level 21 in Armour
105548 | Coc:7    | Reached skill level 21 in Shields
105548 | Coc:7    | Reached skill level 21 in Unarmed Combat
105548 | Coc:7    | Reached skill level 21 in Evocations
105745 | Coc:7    | Identified the ring "Dumockuc" {Wiz rC+ Will+ Str+3 Dex-3}
105849 | Coc:7    | Identified the +1 leather armour of the Tundras {Will+
                  | Str+2 Dex+4}
106108 | Dis:1    | Entered Level 1 of the Iron City of Dis
106504 | Dis:3    | Reached skill level 25 in Short Blades
106806 | Dis:6    | Reached skill level 22 in Ice Magic
107019 | Dis:7    | Entered Level 7 of the Iron City of Dis
107058 | Dis:7    | Reached skill level 19 in Air Magic
107168 | Dis:7    | HP: 42/205 [Hell Sentinel/damnation (35)]
107169 | Dis:7    | HP: 19/205 [hellion/damnation (25)]
107170 | Dis:7    | Killed from afar by a Hell Sentinel

Vanquished Creatures
  Antaeus (Coc:7)
  the Royal Jelly (Slime:5)
  5 dread liches
  Khufu (Crypt:3)
  Mennas (Crypt:1)
  4 orbs of fire
  4 ancient liches
  Mara (Crypt:1)
  A royal mummy (Crypt:3)
  Bai Suzhen (Swamp:3)
  The ghost of Houmnergh the Rich, a master GnTm of Gozag (Crypt:2)
  7 Killer Klowns (Zot:5)
  Frederick (Crypt:3)
  20 shard shrikes
  Xtahua (Vaults:2)
  Saint Roka (Elf:2)
  Margery (Vaults:5)
  7 caustic shrikes
  The ghost of Qahukag the Cloud Mage, a master SpEn of Wu Jian (Zot:5)
  2 curse toes (Zot:5)
  Geryon (Hell)
  A golden dragon (shapeshifter) (Vaults:5)
  11 golden dragons
  A profane servitor (Zig:11)
  4 Tzitzimimeh
  4 electric golems
  9 bone dragons
  2 iron giants
  21 tentacled monstrosities
  12 liches
  17 Ice Fiends
  2 Hell Sentinels
  Rupert (D:13)
  25 Orb Guardians (Zot:5)
  2 pandemonium lords
  4 titans
  3 deep elf blademasters
  2 deep elf master archers (Elf:3)
  11 acid blobs
  3 quicksilver dragons
  11 ancient champions
  11 death cobs
  4 sphinxes
  Frances (Elf:1)
  2 Executioners
  The ghost of jejorda2 the Phalangite, an adept MfBe of Trog (Snake:2)
  12 shadow dragons
  The ghost of Ulyakk the Black Belt, an adept MfTm of Okawaru (Snake:2)
  A thorn hunter (Swamp:2)
  12 storm dragons
  8 tengu reavers
  4 draconian monks
  Roxanne (Snake:1)
  Donald (Vaults:2)
  9 rockslimes
  10 nagarajas
  13 fire giants
  6 revenants
  19 azure jellies
  5 deep elf sorcerers
  3 draconian knights
  2 balrugs (Zig:10)
  3 iron dragons
  3 draconian scorchers
  5 frost giants
  2 orc warlords (Depths:2)
  A cacodemon (Dis:3)
  9 curse skulls
  Aizul (Lair:2)
  An angel (Depths:3)
  9 vault wardens
  3 draconian shifters
  5 draconian annihilators
  A deep elf elementalist (Elf:3)
  16 ironbound preservers
  11 quicksilver oozes
  22 stone giants
  29 reapers
  A juggernaut skeleton (Depths:3)
  3 ghouls (Crypt:2)
  15 very ugly things
  14 war gargoyles
  2 spriggan defenders (Depths:3)
  13 vampire knights
  A black sun (Zig:10)
  A lorocyproca (Zig:10)
  7 green draconians
  An entropy weaver (Vaults:4)
  6 deep elf demonologists
  A bunyip (Swamp:2)
  2 dire elephants (Vaults:3)
  9 black draconians
  9 purple draconians
  9 spark wasps
  5 yellow draconians
  6 white draconians
  8 deep elf annihilators
  The ghost of Xisuv the Fighter, a journeyman MiDe of Jiyva (D:14)
  9 red draconians
  19 eidola
  2 green deaths (Swamp:4)
  4 eleionomae
  20 blizzard demons
  A mummy priest (Crypt:3)
  21 yaktaur captains
  12 deep elf death magi
  5 crystal guardians
  11 jiangshi
  2 quicksilver dragon zombies
  15 great orbs of eyes
  9 deep elf high priests
  9 ettins
  5 fire dragons
  5 boulder beetles
  3 kraken zombies
  27 hydras
  A monstrous demonspawn (Depths:3)
  4 salamander tyrants
  Fannar (Lair:2)
  28 vault guards
  4 quicksilver dragon skeletons
  15 naga warriors
  28 ice dragons
  3 rakshasas
  11 ironbound thunderhulks
  An ogre mage (Vaults:4)
  7 peacekeepers
  2 hell beasts
  6 ironbound frosthearts
  6 catoblepae
  2 ghost crabs
  7 anacondas
  5 spriggan air magi
  9 alligators
  4 two-headed ogres
  17 dancing weapons
  3 deep troll shamans
  11 centaur warriors
  10 deep troll earth magi
  3 death knights
  6 tengu warriors
  12 hell hogs
  4 titan zombies
  11 death yaks
  2 orc high priests
  10 vampire magi
  A thrashing horror (Swamp:4)
  17 shock serpents
  3 ironbound beastmasters
  21 hell knights
  17 soul eaters
  3 spriggan berserkers
  11 deep elf knights
  16 naga sharpshooters
  7 sun demons
  12 spriggans
  7 iron trolls
  2 titan skeletons
  5 salamander mystics
  3 golden dragon zombies
  3 shadow wraiths
  70 skeletal warriors
  3 sixfirhies
  A death drake (shapeshifter) (D:13)
  5 spriggan druids
  4 goliath frogs
  3 storm dragon skeletons
  12 anaconda zombies
  2 quicksilver dragon simulacra
  2 ghost moth zombies
  2 glowing orange brains
  A shadow demon (Zig:10)
  6 golden dragon skeletons
  10 swamp dragons
  55 deep trolls
  5 death drakes
  A torturous demonspawn (Depths:3)
  5 naga ritualists
  A kraken simulacrum (Coc:3)
  3 lindwurms
  10 bog bodies
  11 deep elf archers
  2 shadow dragon zombies
  14 wizards
  5 orange crystal statues
  17 deep elf pyromancers
  14 ironbound convokers
  7 anaconda skeletons
  2 frost giant zombies
  2 sphinx zombies (Crypt:1)
  6 stone giant zombies
  20 necromancers
  12 orc knights
  7 iron dragon zombies
  24 phantasmal warriors
  8 mana vipers
  2 fire giant zombies
  23 deep elf zephyrmancers
  4 wolf spider zombies
  5 shining eyes
  6 wolf spiders
  47 ugly things
  6 orc sorcerers
  2 shadow dragon skeletons
  5 iron dragon skeletons
  A manticore (shapeshifter) (Vaults:5)
  29 moths of wrath
  5 will-o-the-wisps
  2 manticores
  Maurice (D:11)
  4 large abominations
  13 salamanders
  15 rust devils
  4 elephants (Lair:3)
  20 vault sentinels
  A shock serpent zombie (Crypt:1)
  A water nymph (shapeshifter) (Vaults:5)
  8 fire giant skeletons
  5 dire elephant zombies
  A toenail golem (D:11)
  9 smoke demons
  3 eyes of devastation
  36 black mambas
  15 naga magi
  3 frost giant skeletons
  12 guardian serpents
  7 ice statues
  4 stone giant skeletons
  4 orange demons
  A gargoyle (D:13)
  2 emperor scorpion zombies
  2 black draconian zombies
  A titan simulacrum (Coc:3)
  3 molten gargoyles (Hell)
  A shock serpent skeleton (Coc:2)
  A torpor snail (Lair:6)
  A hellion (Dis:2)
  A sea snake zombie (Hell)
  14 cane toads
  A green draconian zombie (Crypt:1)
  An elephant slug zombie (Crypt:2)
  4 dire elephant skeletons
  2 catoblepas zombies
  6 unseen horrors
  13 hellwings (Crypt:3)
  A guardian mummy (Crypt:3)
  An iron troll zombie (Crypt:2)
  33 yaktaurs
  5 rime drakes
  16 tormentors
  6 tengu conjurers
  2 efreet
  44 ice devils
  5 catoblepas skeletons (Abyss:3)
  6 komodo dragons
  37 freezing wraiths
  2 anaconda simulacra
  An elf skeleton (Depths:3)
  11 hydra zombies
  A jumping spider (Crypt:3)
  5 trolls
  An ancient zyme (D:11)
  A sea snake skeleton (Hell)
  A moth of wrath zombie (Crypt:2)
  3 red devils
  2 bloated husks (Swamp:2)
  4 harpy zombies
  5 tyrant leeches
  A wind drake (Zig:9)
  3 harpy skeletons
  15 hornets
  A wind drake (shapeshifter) (D:11)
  2 polar bears
  16 blink frogs
  A stone giant simulacrum (Coc:1)
  A dream sheep (shapeshifter) (Elf:2)
  An iron dragon simulacrum (Coc:3)
  9 alligator zombies
  3 ettin zombies
  5 dream sheep (Lair:5)
  7 fire dragon zombies
  2 ice dragon zombies
  115 slime creatures
  10 hydra skeletons
  A frost giant simulacrum (Coc:2)
  3 fire dragon skeletons
  A ynoxinul (Depths:2)
  26 flying skulls
  A meliai zombie (Crypt:2)
  4 ettin skeletons
  2 air elementals
  6 ice dragon skeletons
  A black mamba zombie (Dis:2)
  A deep troll skeleton (Depths:1)
  4 wyverns
  3 alligator skeletons
  20 water elementals
  11 shadows
  A redback (Vaults:4)
  2 fire elementals
  23 wraiths
  2 ushabtiu (Crypt:3)
  A human (D:13)
  A black mamba skeleton (Coc:3)
  4 fire bats (Depths:4)
  A wind drake zombie (Crypt:1)
  60 yaks
  A yak (shapeshifter) (Elf:1)
  21 golden eyes
  6 basilisks
  2 chaos spawn
  An emperor scorpion simulacrum (Coc:2)
  A neqoxec (Depths:3)
  Grum (D:10)
  3 steam dragons
  Edmund (D:4)
  15 vampire mosquitoes
  4 wargs
  14 swamp worms
  39 nagas
  13 water moccasins
  15 cane toad zombies
  A floating eye (Depths:4)
  5 hell hounds (Dis:2)
  2 hydra simulacra (Coc:3)
  3 sky beasts
  2 cane toad skeletons
  27 ice beasts
  17 orc warriors
  A human skeleton (Depths:3)
  4 swamp drakes
  3 black bears
  An ice dragon simulacrum (Coc:3)
  3 manticore zombies
  A hornet zombie (Crypt:1)
  3 swamp dragon zombies
  4 ettin simulacra
  2 necrophages
  An ogre (shapeshifter) (Elf:1)
  6 ogres
  5 snapping turtle zombies
  12 wolves
  7 centaurs
  4 phantoms
  The ghost of experimilk the Stinger, an amateur GrVM (D:3)
  4 kobold brigands
  12 bullfrogs
  A gnoll sergeant (D:8)
  4 scorpions
  11 earth elementals
  2 cane toad simulacra
  A water moccasin zombie (D:6)
  A small abomination (D:11)
  5 wyvern skeletons (Crypt:3)
  A shapeshifter zombie (Crypt:1)
  A snapping turtle simulacrum (Crypt:1)
  A polar bear zombie (Crypt:2)
  7 wights
  3 killer bees (D:11)
  3 electric eels
  2 howler monkeys
  5 centaur zombies
  A bullfrog skeleton (D:5)
  27 orc priests
  A black bear skeleton (Crypt:1)
  2 hounds
  3 centaur skeletons (D:7)
  9 iron imps
  4 hell rats (Hell)
  24 orc wizards
  A naga zombie (Crypt:2)
  2 ogre skeletons
  5 mummies
  2 howler monkey zombies
  8 adders
  3 gnolls (D:8)
  2 shadow imps
  26 white imps
  A halfling zombie (Crypt:2)
  A worm (D:5)
  2 dart slugs
  46 orcs
  6 endoplasms
  A giant cockroach (D:1)
  2 goblins
  6 hobgoblins
  14 jackals
  4 ball pythons
  7 bats
  18 kobolds
  A kobold skeleton (Crypt:3)
  An orc skeleton (Coc:6)
  7 rats
  5 blocks of ice
  3 tentacles
2944 creatures vanquished.

Vanquished Creatures (collateral kills)
  An Executioner (Zig:8)
  2 nagarajas (Snake:4)
  4 vault wardens
  2 deep elf sorcerers
  An iron dragon (Depths:4)
  4 ironbound preservers
  A reaper (Hell)
  A deep elf elementalist (Elf:3)
  Louise (Snake:1)
  2 very ugly things
  A bunyip (Swamp:1)
  A yellow draconian (Depths:5)
  A blizzard demon (Hell)
  A deep elf high priest (Elf:3)
  A fire dragon (Depths:5)
  A yaktaur captain (Vaults:3)
  A shambling mangrove (Swamp:2)
  3 naga warriors (Snake:4)
  The ghost of flotson the Covert, a journeyman GnDe of Gozag (D:11)
  A catoblepas (D:13)
  A hydra (Lair:5)
  2 vault guards (Vaults:2)
  2 ice dragons
  An ironbound frostheart (Vaults:4)
  3 boulder beetles
  A centaur warrior (D:15)
  3 dancing weapons (Elf:2)
  2 alligators
  A deep troll shaman (Depths:1)
  6 death yaks
  A sun demon (Hell)
  A thrashing horror (Swamp:4)
  3 hell knights (Hell)
  Nergalle (D:11)
  A glowing orange brain (shapeshifter) (D:15)
  A salamander mystic (Snake:3)
  A lindwurm (Vaults:4)
  A naga ritualist (Snake:4)
  2 swamp dragons (Swamp:4)
  A glowing orange brain (Depths:2)
  5 deep trolls (Vaults:2)
  5 bog bodies
  3 ironbound convokers
  12 ugly things
  A mana viper (Snake:4)
  A sphinx skeleton (Depths:1)
  4 salamanders
  2 elephants (Lair:3)
  A toenail golem (D:11)
  3 manticores
  5 naga magi
  2 black mambas
  2 vault sentinels (Vaults:3)
  A smoke demon (Hell)
  3 guardian serpents (Snake:4)
  2 cane toads
  A komodo dragon (Lair:6)
  A sea snake zombie (Hell)
  9 yaktaurs
  A rime drake (IceCv)
  2 tengu conjurers
  A troll (Orc:1)
  A tyrant leech (Swamp:1)
  2 hornets (Swamp:2)
  6 slime creatures
  2 blink frogs
  11 yaks
  2 vampire mosquitoes
  A swamp worm (Swamp:2)
  A warg (Orc:2)
  17 nagas
  5 orc warriors
  4 ice beasts (IceCv)
  3 wolves
  A centaur (D:15)
  A small abomination (Swamp:4)
  A killer bee (D:11)
  A jelly (D:6)
  4 orc priests
  3 orc wizards
  3 hell rats (Hell)
  11 orcs
  An endoplasm (Lair:5)
214 creatures vanquished.

Vanquished Creatures (others)
  5 elemental wellsprings
  A deep elf annihilator (Vaults:1)
  A blizzard demon (Zig:8)
  An ogre mage (Vaults:1)
  An ice dragon (IceCv)
  A peacekeeper (Vaults:1)
  An ironbound frostheart (Vaults:1)
  A two-headed ogre (Vaults:4)
  A flayed ghost (Zig:11)
  A bog body (Coc:7)
  An ironbound convoker (Vaults:1)
  A deep elf zephyrmancer (Elf:2)
  2 deep elf pyromancers
  A yaktaur (Vaults:1)
  A tyrant leech (Swamp:2)
  A blink frog (Lair:5)
  A large abomination (Abyss:2)
  A wraith (Coc:3)
  2 swamp worms (Swamp:2)
  2 white imps
  4 blocks of ice
  22 foxfires
  73 fungi
  114 plants
  9 tentacles
  41 withered plants
290 creatures vanquished.

Grand Total: 3448 creatures vanquished

Table legend:
 A = Non-vault XP
 B = Vault XP
 C = Vault XP percentage of total XP
 D = Non-vault monster count
 E = Vault monster count
 F = Vault count percentage of total count
                 A         B        C        D         E       F
            +---------+---------+-------+---------+---------+-------
      Total | 1450600 | 1092053 |  42.9 |    2090 |    1063 |  33.7
            +---------+---------+-------+---------+---------+-------
        D:1 |      50 |       0 |   0.0 |       9 |       0 |   0.0
        D:2 |      93 |       0 |   0.0 |      21 |       0 |   0.0
        D:3 |     172 |     100 |  36.8 |      29 |       1 |   3.3
        D:4 |     267 |     176 |  39.7 |      14 |       1 |   6.7
        D:5 |     570 |     283 |  33.2 |      15 |       6 |  28.6
        D:6 |     985 |       0 |   0.0 |      13 |       0 |   0.0
        D:7 |     839 |     354 |  29.7 |      14 |       5 |  26.3
        D:8 |    1487 |       0 |   0.0 |      25 |       0 |   0.0
        D:9 |    1943 |    1244 |  39.0 |      22 |       4 |  15.4
       D:10 |    2033 |    1365 |  40.2 |      14 |      11 |  44.0
       D:11 |    4714 |    3764 |  44.4 |      21 |      10 |  32.3
       D:12 |    3001 |       0 |   0.0 |       5 |       0 |   0.0
       D:13 |    6978 |    6867 |  49.6 |      20 |      11 |  35.5
       D:14 |   12460 |    1193 |   8.7 |      28 |       1 |   3.4
       D:15 |    5666 |    5474 |  49.1 |      20 |      11 |  35.5
     Lair:1 |    3751 |       0 |   0.0 |      13 |       0 |   0.0
     Lair:2 |    7952 |    5935 |  42.7 |      33 |      12 |  26.7
     Lair:3 |    9918 |       0 |   0.0 |      29 |       0 |   0.0
     Lair:4 |    6090 |       0 |   0.0 |      20 |       0 |   0.0
     Lair:5 |   12554 |    9284 |  42.5 |      35 |      30 |  46.2
     Lair:6 |    7072 |   10161 |  59.0 |      18 |      24 |  57.1
    Swamp:1 |   13112 |       0 |   0.0 |      23 |       0 |   0.0
    Swamp:2 |   15570 |       0 |   0.0 |      32 |       0 |   0.0
    Swamp:3 |   11397 |    5648 |  33.1 |      24 |       1 |   4.0
    Swamp:4 |   10517 |   17216 |  62.1 |      27 |      30 |  52.6
    Snake:1 |   15333 |    2948 |  16.1 |      32 |       2 |   5.9
    Snake:2 |   14856 |    5105 |  25.6 |      24 |       6 |  20.0
    Snake:3 |    6487 |       0 |   0.0 |      18 |       0 |   0.0
    Snake:4 |   15855 |   34954 |  68.8 |      33 |      71 |  68.3
    Slime:1 |   14338 |    2787 |  16.3 |      24 |       4 |  14.3
    Slime:2 |   20590 |       0 |   0.0 |      33 |       0 |   0.0
    Slime:3 |    1063 |       0 |   0.0 |       4 |       0 |   0.0
    Slime:4 |   11461 |    6484 |  36.1 |      15 |       4 |  21.1
    Slime:5 |   20401 |   27652 |  57.5 |      46 |      11 |  19.3
      Orc:1 |    1114 |      98 |   8.1 |      13 |       1 |   7.1
      Orc:2 |     898 |    4735 |  84.1 |      11 |      42 |  79.2
      Elf:1 |    8543 |    6128 |  41.8 |      17 |       7 |  29.2
      Elf:2 |   16725 |   28646 |  63.1 |      35 |      40 |  53.3
      Elf:3 |    8372 |   41226 |  83.1 |      15 |      32 |  68.1
   Vaults:1 |   22432 |   24149 |  51.8 |      36 |      24 |  40.0
   Vaults:2 |   23926 |   26073 |  52.1 |      30 |      28 |  48.3
   Vaults:3 |   30931 |   24421 |  44.1 |      45 |      34 |  43.0
   Vaults:4 |   49637 |   51055 |  50.7 |      70 |      56 |  44.4
   Vaults:5 |   23813 |  119453 |  83.4 |      31 |      79 |  71.8
    Crypt:1 |   33376 |   53162 |  61.4 |      36 |      37 |  50.7
    Crypt:2 |   33322 |    5628 |  14.4 |      35 |       1 |   2.8
    Crypt:3 |       0 |   98119 | 100.0 |       0 |     107 | 100.0
   Depths:1 |   15285 |   17706 |  53.7 |      21 |      13 |  38.2
   Depths:2 |   29987 |   22379 |  42.7 |      32 |      26 |  44.8
   Depths:3 |   41740 |   29944 |  41.8 |      40 |      30 |  42.9
   Depths:4 |   48373 |   31448 |  39.4 |      48 |      25 |  34.2
   Depths:5 |   51118 |   20207 |  28.3 |      34 |      15 |  30.6
       Hell |   31487 |   44867 |  58.8 |      45 |      56 |  55.4
      Dis:1 |    1580 |       0 |   0.0 |       4 |       0 |   0.0
      Dis:2 |   17126 |       0 |   0.0 |      29 |       0 |   0.0
      Dis:3 |   10552 |       0 |   0.0 |      15 |       0 |   0.0
      Dis:4 |    1318 |       0 |   0.0 |       4 |       0 |   0.0
      Dis:5 |    1757 |       0 |   0.0 |       3 |       0 |   0.0
      Dis:6 |    8888 |       0 |   0.0 |       8 |       0 |   0.0
      Dis:7 |    3835 |    5480 |  58.8 |       4 |       2 |  33.3
      Coc:1 |   41510 |       0 |   0.0 |      71 |       0 |   0.0
      Coc:2 |   84851 |       0 |   0.0 |      97 |       0 |   0.0
      Coc:3 |   81364 |       0 |   0.0 |     120 |       0 |   0.0
      Coc:4 |    1452 |       0 |   0.0 |       8 |       0 |   0.0
      Coc:5 |   13411 |       0 |   0.0 |      27 |       0 |   0.0
      Coc:6 |   31108 |       0 |   0.0 |      29 |       0 |   0.0
      Coc:7 |   64379 |   59474 |  48.0 |      78 |      46 |  37.1
      Zot:1 |   64156 |    2442 |   3.7 |      38 |       2 |   5.0
      Zot:2 |   39909 |   29150 |  42.2 |      27 |      13 |  32.5
      Zot:3 |   21568 |       0 |   0.0 |      17 |       0 |   0.0
      Zot:4 |   41021 |       0 |   0.0 |      22 |       0 |   0.0
      Zot:5 |   32755 |  179453 |  84.6 |      18 |      43 |  70.5
    Abyss:2 |    1344 |       0 |   0.0 |       3 |       0 |   0.0
    Abyss:3 |       0 |    8763 | 100.0 |       0 |      20 | 100.0
      Zig:1 |    4274 |       0 |   0.0 |       1 |       0 |   0.0
      Zig:2 |    2491 |       0 |   0.0 |       2 |       0 |   0.0
      Zig:3 |    4507 |       0 |   0.0 |       2 |       0 |   0.0
      Zig:4 |    6563 |       0 |   0.0 |       5 |       0 |   0.0
      Zig:5 |    6118 |    2349 |  27.7 |       8 |       4 |  33.3
      Zig:6 |    9650 |       0 |   0.0 |       9 |       0 |   0.0
      Zig:7 |   10530 |       0 |   0.0 |       9 |       0 |   0.0
      Zig:8 |   15360 |       0 |   0.0 |      11 |       0 |   0.0
      Zig:9 |   19117 |    2208 |  10.4 |      17 |       4 |  19.0
     Zig:10 |   22646 |       0 |   0.0 |      14 |       0 |   0.0
     Zig:11 |   33047 |       0 |   0.0 |      16 |       0 |   0.0
     Zig:12 |   21759 |       0 |   0.0 |      27 |       0 |   0.0
      IceCv |       0 |    4296 | 100.0 |       0 |      20 | 100.0
            +---------+---------+-------+---------+---------+-------

Illustrated notes

Table legend:
 A = Kills in this place as a percentage of kills in entire the game.
 B = Kills by you in this place as a percentage of kills by you in the entire game.
 C = Kills by friends in this place as a percentage of kills by friends in the entire game.
 D = Other kills in this place as a percentage of other kills in the entire game.
 E = Experience gained in this place as a percentage of experience gained in the entire game.
 F = Experience gained in this place divided by the number of levels of this place that you have seen.
                   A       B       C       D       E      F
               +-------+-------+-------+-------+-------+----------------------
         Total | 100.0 | 100.0 | 100.0 | 100.0 | 100.0 | 27340.4
       Dungeon |  10.5 |  10.4 |  13.1 |   0.0 |   2.4 | 4138.5
          Lair |   6.8 |   6.2 |  15.4 |   4.3 |   2.9 | 12119.5
         Swamp |   4.3 |   3.9 |   9.8 |   4.3 |   2.9 | 18365.0
     Snake Pit |   5.9 |   5.0 |  18.7 |   0.0 |   3.8 | 23884.5
    Slime Pits |   4.5 |   4.8 |   0.0 |   0.0 |   4.1 | 20955.2
  Orcish Mines |   2.1 |   1.9 |   6.1 |   0.0 |   0.3 | 3422.5
   Elven Halls |   4.6 |   4.7 |   2.8 |  13.0 |   4.3 | 36546.7
        Vaults |  13.7 |  13.0 |  21.5 |  30.4 |  15.6 | 79178.0
         Crypt |   6.9 |   7.4 |   0.0 |   0.0 |   8.8 | 74535.7
        Depths |   9.0 |   9.4 |   4.7 |   0.0 |  12.1 | 61637.4
          Hell |   3.2 |   3.1 |   5.1 |   4.3 |   3.0 | 76354.0
           Dis |   2.2 |   2.4 |   0.0 |   0.0 |   2.0 | 7219.4
       Cocytus |  15.1 |  16.1 |   0.0 |  30.4 |  14.8 | 53935.6
           Zot |   5.7 |   6.2 |   0.0 |   0.0 |  16.1 | 82090.8
         Abyss |   0.7 |   0.8 |   0.0 |   0.0 |   0.4 | 2526.8
      Ziggurat |   4.1 |   4.3 |   0.5 |   8.7 |   6.3 | 12355.3
      Ice Cave |   0.6 |   0.5 |   2.3 |   4.3 |   0.2 | 4296.0
               +-------+-------+-------+-------+-------+----------------------

Table legend: (Time is in decaauts)
 A = Elapsed time spent in this place.
 B = Non-inter-level travel time spent in this place.
 C = Inter-level travel time spent in this place.
 D = Time resting spent in this place.
 E = Time spent auto-exploring this place.
 F = Levels seen in this place.
 G = Mean time per level.
                   A        B        C        D        E       F      G
               +--------+--------+--------+--------+--------+-----+--------+
         Total | 109718 | 102673 |   7045 |  16763 |  63412 |  93 | 1179.8 |
       Dungeon |  23548 |  21075 |   2473 |   2963 |  14922 |  15 | 1569.9 |
        Temple |     77 |     69 |      8 |      0 |     19 |   1 |   77.0 |
          Lair |  11665 |  10792 |    873 |   2047 |   6883 |   6 | 1944.2 |
         Swamp |   6903 |   6672 |    231 |   1112 |   4243 |   4 | 1725.8 |
     Snake Pit |   7691 |   7299 |    392 |   1287 |   4238 |   4 | 1922.8 |
    Slime Pits |   3467 |   3319 |    148 |   1429 |   1379 |   5 |  693.4 |
  Orcish Mines |   2804 |   2574 |    230 |    693 |   1469 |   2 | 1402.0 |
   Elven Halls |   4305 |   4117 |    188 |    190 |   2941 |   3 | 1435.0 |
        Vaults |  14716 |  13912 |    804 |   4118 |   6885 |   5 | 2943.2 |
         Crypt |   5388 |   5156 |    232 |     88 |   3763 |   3 | 1796.0 |
        Depths |  10594 |   9461 |   1133 |   1337 |   6211 |   5 | 2118.8 |
          Hell |    941 |    941 |      0 |    197 |    344 |   1 |  941.0 |
           Dis |    963 |    963 |      0 |      0 |    608 |   7 |  137.6 |
       Cocytus |   6322 |   6211 |    111 |    101 |   3495 |   7 |  903.1 |
           Zot |   6450 |   6230 |    220 |    602 |   4267 |   5 | 1290.0 |
         Abyss |    480 |    480 |      0 |      0 |     23 |   4 |  120.0 |
      Ziggurat |   2069 |   2069 |      0 |    396 |   1080 |  13 |  159.2 |
        Bazaar |    293 |    293 |      0 |      0 |    137 |   1 |  293.0 |
         Trove |     52 |     52 |      0 |      0 |      0 |   1 |   52.0 |
      Ice Cave |    980 |    980 |      0 |    198 |    499 |   1 |  980.0 |
               +--------+--------+--------+--------+--------+-----+--------+

Top non-repeatable levels by time:
Vaults:4: 5523 daAuts
  Lair:5: 2881 daAuts
Depths:3: 2645 daAuts
 Crypt:3: 2618 daAuts
Vaults:1: 2508 daAuts
 Snake:4: 2498 daAuts
  Lair:2: 2445 daAuts
Vaults:2: 2427 daAuts
Vaults:3: 2409 daAuts
 Swamp:4: 2362 daAuts
     D:8: 2356 daAuts
Depths:4: 2276 daAuts
 Snake:1: 2223 daAuts
    D:13: 2155 daAuts
  Lair:6: 2058 daAuts
